 Dungeon Crawl Stone Soup version 0.30-a0-377-g5cb311bc9f (webtiles) character file.

Game seed: 13995049717594077212

1784669 greynaab the Warrior (level 27, 179/179 HPs)
             Began as a Gargoyle Hunter on Nov 23, 2022.
             Was a Favourite Plaything of Xom.
             Escaped with the Orb
             ... and 3 runes on Nov 28, 2022!
             The game lasted 05:56:17 (63852 turns).

greynaab the Warrior (Gargoyle Hunter)             Turns: 63852, Time: 05:56:17

Health: 179/179    AC: 38    Str: 25    XL:     27
Magic:  41/41      EV: 22    Int: 13    God:    Xom [..*...]
Gold:   5009       SH: 24    Dex: 20    Spells: 14/54 levels left

rFire   + + +      SeeInvis +    b - +9 broad axe (vorpal)
rCold   . . .      Faith    .    n - +5 kite shield {reflect}
rNeg    + . .      Spirit   .    l - +3 salamander hide armour {Flames rF++ rC--}
rPois   ∞          Reflect  +    (helmet restricted)
rElec   +          Harm     .    X - scarf {rC+ rF+}
rCorr   +          Rampage  .    g - +2 pair of gloves {Str+3}
Will    ++++.                    s - +1 pair of boots
Stlth   +.........               d - amulet "Nirosesm" {Reflect Will+ SH+5}
HPRegen 2.09/turn                e - ring of Wuame {rF+ Will+ AC+4}
MPRegen 0.27/turn                i - ring "Cuipp" {rC+ rCorr Dex+3 SInv}

@: flying, studying Staves
A: sickness immunity, AC +20, big wings, negative energy resistance 1,
electricity resistance, torment resistance 1, petrification resistance, claws 1,
horns 2, see invisible, deterioration 1, regeneration 2, screaming 2, subdued
magic 1
0: Orb of Zot
}: 3/15 runes: decaying, serpentine, silver
a: Renounce Religion


You escaped.
You worshipped Xom.
You were a toy of Xom.
You visited 10 branches of the dungeon, and saw 50 of its levels.
You also visited: Sewer, Bailey, Wizlab and Desolation.

You collected 12109 gold pieces.
You spent 7100 gold pieces at shops.

Inventory:

Hand Weapons
 a - the +7 sling of Accidental Termination {drain, Int+3}
   (You found it on level 3 of the Vaults)

   A truly terrible weapon, it drains the life of any living foe it strikes.
   Int:       It affects your intelligence (+3).
 b - a +9 vorpal broad axe (weapon)
 w - a +9 demon whip of flaming
Missiles
 J - 13 curare-tipped darts
 N - 2 throwing nets
 S - 11 javelins
 U - 18 boomerangs (quivered)
Armour
 g - a +2 pair of gloves of strength (worn)
 l - the +3 salamander hide armour (worn) {Flames rF++ rC--}
   (You took it off a ragged hierophant in the Desolation of Salt)

   It surrounds you with a cloud of flames.
   It grants immunity to clouds of flame.
   It enhances your fire magic.
   rF:        It greatly protects you from fire.
   rC:        It makes you very vulnerable to cold.
 n - a +5 kite shield of reflection (worn)
 s - a +1 pair of boots (worn)
 X - a scarf of resistance (worn)
Jewellery
 d - the amulet "Nirosesm" (around neck) {Reflect Will+ SH+5}
   (You found it in the Desolation of Salt)

   [amulet of reflection]

   It reflects blocked missile attacks.
   SH:        It affects your SH (+5).
   Will:      It increases your willpower.
 e - the ring of Wuame (left hand) {rF+ Will+ AC+4}
   (You found it on level 3 of the Crypt)

   [ring of protection]

   AC:        It affects your AC (+4).
   rF:        It protects you from fire.
   Will:      It increases your willpower.
 i - the ring "Cuipp" (right hand) {rC+ rCorr Dex+3 SInv}
   (You found it in the Desolation of Salt)

   [ring of see invisible]

   Dex:       It affects your dexterity (+3).
   rC:        It protects you from cold.
   SInv:      It lets you see invisible.
   rCorr:     It protects you from acid and corrosion.
 O - the ring "Ceashan" {rElec rC- Will++ EV+4}
   (You found it on level 3 of the Elven Halls)

   [ring of evasion]

   EV:        It affects your evasion (+4).
   rC:        It makes you vulnerable to cold.
   rElec:     It insulates you from electricity.
   Will:      It greatly increases your willpower.
Wands
 h - a wand of digging (4)
 o - a wand of paralysis (64)
 A - a wand of roots (10)
 I - a wand of polymorph (39)
 T - a wand of quicksilver (9)
 W - a wand of mindburst (26)
Scrolls
 j - 5 scrolls of noise
 m - 3 scrolls of amnesia
 p - 12 scrolls of fog
 r - 18 scrolls of fear
 v - 10 scrolls of blinking
 x - 19 scrolls of teleportation
 y - 5 scrolls of silence
 C - 10 scrolls of vulnerability
 F - 2 scrolls of torment
 H - 11 scrolls of immolation
 L - 11 scrolls of poison
 Q - 3 scrolls of magic mapping
 Z - 2 scrolls of summoning
Potions
 c - 7 potions of berserk rage
 f - 2 potions of haste
 k - 12 potions of ambrosia
 t - 4 potions of invisibility
 u - 23 potions of curing
 z - 14 potions of lignification
 B - 4 potions of attraction
 D - 8 potions of heal wounds
 E - 3 potions of magic
 G - 8 potions of mutation
 R - 6 potions of might
 V - a potion of resistance
 Y - 3 potions of brilliance
Miscellaneous
 q - a box of beasts
 K - a tin of tremorstones (2/2)
 M - a phantom mirror
 P - a condenser vane


   Skills:
 - Level 20.0 Fighting
 - Level 16.7(18.0) Axes
 - Level 12.0(16.4) Maces & Flails
 - Level 10.1 Ranged Weapons
 + Level 15.2 Throwing
 - Level 12.4 Armour
 - Level 14.9 Dodging
 - Level 1.1 Stealth
 - Level 15.0 Shields
 - Level 14.0 Spellcasting
 - Level 16.0 Conjurations
 - Level 16.5 Summonings
 - Level 6.0 Necromancy
 - Level 6.7 Translocations
 - Level 6.0 Fire Magic
 - Level 5.0 Air Magic
 - Level 14.2 Earth Magic
 - Level 10.0 Poison Magic
 - Level 12.0 Evocations


You had 14 spell levels left.
You knew the following spells:

 Your Spells              Type           Power      Damage    Failure   Level
a - Vhi's Electric Charg  Tloc/Air       36%        N/A       2%          3
b - Olgreb's Toxic Radia  Pois           27%        N/A       1%          4
c - Blink                 Tloc           40%        N/A       1%          2
d - Mephitic Cloud        Conj/Pois/Air  27%        N/A       1%          3
e - Ignite Poison         Fire/Tmut/Pois 26%        N/A       3%          3
f - Borgnjor's Vile Clut  Necr/Erth      13%        N/A       4%          5
g - Poisonous Vapours     Pois/Air       44%        N/A       1%          2
h - Lee's Rapid Deconstr  Erth           17%        3d11*     1%          5
i - Spellforged Servitor  Conj/Summ      19%        N/A       13%         7
j - Iron Shot             Conj/Erth      18%        9d4       3%          6

Your spell library contained the following spells:

 Spells                   Type           Power      Damage    Failure   Level
 Magic Dart               Conj           100%       1d8       0%          1
 Call Imp                 Summ           40%        N/A       0%          2
 Apportation              Tloc           40%        N/A       1%          1
 Foxfire                  Conj/Fire      100%       2x1d9     1%          1
 Kiss of Death            Conj/Necr      100%       2d13      1%          1
 Necrotise                Necr           76%        1d7       1%          1
 Sandblast                Erth           70%        2d15      1%          1
 Shock                    Conj/Air       100%       1d9       1%          1
 Momentum Strike          Conj/Tloc      58%        3d9       1%          2
 Passwall                 Tmut/Erth      17%        N/A       1%          2
 Scorch                   Fire           56%        2d7       1%          2
 Static Discharge         Conj/Air       56%        2-5/arc   1%          2
 Gell's Gravitas          Tloc           20%        N/A       1%          3
 Hailstorm                Conj/Ice       23%        3d7       1%          3
 Lesser Beckoning         Tloc           40%        N/A       1%          3
 Stone Arrow              Conj/Erth      74%        3d11      1%          3
 Teleport Other           Tloc           20%        N/A       1%          3
 Animate Armour           Summ/Erth      74%        N/A       1%          4
 Flame Wave               Conj/Fire      43%        2d11      1%          4
 Summon Lightning Spire   Summ/Air       28%        N/A       1%          4
 Iskenderun's Battlesphe  Conj           39%        2d9       1%          5
 Summon Cactus Giant      Summ           20%        N/A       1%          6
 Kindle Blastsparks       Fire/Tloc/Air  56%        2d14      2%          3
 Summon Forest            Summ/Tloc      15%        N/A       2%          5
 Summon Ice Beast         Ice/Summ       23%        N/A       3%          4
 Fireball                 Conj/Fire      21%        3d10      3%          5
 Swiftness                Air            17%        N/A       4%          3
 Arcjolt                  Conj/Air       14%        1d24      4%          5
 Lightning Bolt           Conj/Air       14%        1d27      4%          5
 Leda's Liquefaction      Hex/Erth       10%        N/A       6%          4
 Petrify                  Tmut/Erth      21%        N/A       6%          4
 Manifold Assault         Tloc           20%        N/A       7%          4
 Inner Flame              Hex/Fire       19%        N/A       10%         3
 Animate Dead             Necr           19%        N/A       10%         4
 Dispel Undead            Necr           19%        3d11      10%         4
 Summon Mana Viper        Hex/Summ       23%        N/A       11%         5
 Summon Hydra             Summ           20%        N/A       11%         7
 Freeze                   Ice            28%        1d5       12%         1
 Orb of Destruction       Conj           19%        9d8       14%         7
 Airstrike                Air            8%         2d(2-18)  16%         4
 Ensorcelled Hibernation  Hex/Ice        14%        N/A       19%         2
 Wereblood                Tmut           7%         N/A       19%         2
 Starburst                Conj/Fire      21%        6d7       21%         6
 Conjure Ball Lightning   Conj/Air       14%        3x3d6     24%         6
 Frozen Ramparts          Ice            14%        1d3       34%         3
 Ozocubu's Armour         Ice            7%         N/A       34%         3
 Anguish                  Hex/Necr       6%         N/A       34%         4
 Alistair's Intoxication  Tmut/Pois      11%        N/A       41%         5
 Malign Gateway           Summ/Tloc      15%        N/A       65%         7
 Summon Horrible Things   Summ           20%        N/A       67%         8
 Haunt                    Necr/Summ      14%        N/A       71%         7
 Cause Fear               Hex            3%         N/A       77%         4
 Ice Form                 Ice/Tmut       7%         N/A       77%         4
 Dispersal                Tloc           10%        N/A       77%         6
 Death Channel            Necr           9%         N/A       86%         6
 Lehudib's Crystal Spear  Conj/Erth      18%        10d6      86%         8
 Eringya's Noxious Bog    Tmut/Pois      8%         N/A       94%         6
 Blade Hands              Tmut           3%         N/A       98%         5
 Metabolic Englaciation   Hex/Ice        3%         N/A       98%         5
 Simulacrum               Ice/Necr       6%         N/A       99%         6
 Dragon Form              Tmut           3%         N/A       100%        7
 Ozocubu's Refrigeration  Ice            3%         4d8       100%        7
 Discord                  Hex            3%         N/A       100%        8
 Disjunction              Tloc           10%        N/A       100%        8
 Ignition                 Fire           14%        3d6       100%        8
 Infestation              Necr           9%         N/A       100%        8
 Maxwell's Capacitive Co  Air            8%         ∞         100%        8
 Necromutation            Tmut/Necr      6%         N/A       100%        8
 Death's Door             Necr           9%         N/A       100%        9
 Sublimation of Blood     Necr           Unusable   N/A       N/A         2
 Statue Form              Tmut/Erth      Unusable   N/A       N/A         6

Dungeon Overview and Level Annotations

Branches:
Dungeon (15/15)            Temple (0/1) D:6            Lair (5/5) D:9
  Swamp (4/4) Lair:2        Snake (4/4) Lair:3        Slime (0/5) Lair:5
    Orc (2/2) D:10            Elf (3/3) Orc:2        Vaults (5/5) D:14
  Crypt (3/3) Vaults:2       Tomb (0/3) Crypt:3      Depths (4/4) D:15
    Zot (5/5) Depths:4      Sewer (visited)          Bailey (visited)
 WizLab (visited)         Desolation (visited)

Altars:
Cheibriados
Hepliaklqana
Kikubaaqudgha
Ru
Trog
Vehumet
Xom
Yredelemnul

Shops:
D:3 =   D:5 *   D:15 :([   Orc:2 (!?   Elf:1 *   Elf:2 =   Elf:3 [   Snake:1 ?
Snake:2 :==   Vaults:4 *!!   Vaults:5 ??=   Depths:1 *:=   Depths:4 *?

Portals:
Hell: Depths:1 Depths:2 Depths:3 Depths:4
Abyss: Depths:3
Pandemonium: Depths:2 Depths:4
Ziggurat: Depths:3

Annotations:
D:15 Roxanne
Lair:3 exclusion: oklob plant
Vaults:2 2 transporters, Irilyjoq's ghost, legendary FoFi


Innate Abilities, Weirdness & Mutations

You are immune to sickness and miasma.
Your stone body is resilient. (AC +20)
You are immune to poison.
Your large and strong wings let you fly.
You resist negative energy. (rN+)
You are resistant to electric shocks. (rElec)
You are resistant to unholy torment.
You are immune to petrification.
You have sharp fingernails.
You have a pair of horns on your head.
You have supernaturally acute eyesight. (SInv)
Your body sometimes deteriorates upon taking damage.
You heal very quickly.
You frequently scream uncontrollably at your foes.
Your spells are a little easier to cast, but a little less powerful.


Message History

(V) Vaults (C) Crypt (W) Tomb (U) Depths (H) Hell (Z) Zot
Where to? (Enter - D:1, ? - help)
What level of the Swamp? (default 1, ? - help)
Okay, then.
Unknown command.
(D) Dungeon (T) Temple (L) Lair (S) Swamp (P) Snake Pit (M) Slime Pits (O) Orcish Mines (E) Elven Halls (V) Vaults (C) Crypt (W) Tomb (U) Depths (H) Hell (Z) Zot
Where to? (Enter - D:1, ? - help)
What level of the Dungeon? (default 1, ? - help)
There is a stone staircase leading up here.
You fly upwards.
There is a stone staircase leading down here.
There is a stone staircase leading up here.
You fly upwards.
There is a stone staircase leading down here.
There is an open door here.
There is a stone staircase leading up here.
You fly upwards.
There is a stone staircase leading down here.
Items here: )) [[.
There is a stone staircase leading up here.
You fly upwards.
There is a stone staircase leading down here.
There is a stone staircase leading up here.
You fly upwards.
There is a stone staircase leading down here.
There is a stone staircase leading down here.
A shadow demon comes into view.
The shadow demon croaks.
The shadow demon gestures.
The hobgoblin is engulfed in blazing flames.
You kill the hobgoblin!
The hobgoblin's corpse dissolves into shadows!
There is an open door here.
There is an open door here.
There is a staircase leading out of the dungeon here.
You have escaped!

### #.#..##.###..####### #
#.#..##.##.........# ##
#.#................######## .#
#.#..##.................... .#
#.#..##............#.######
.######.#..##.####.......#.#
........#......[.........#.#
.#.........##.############.#
.############.##@☼.○'.####.# .#
#[##.○°.#2#..#.#
.############.#####'#......#
..............###.......##.#
#############.##.....##'##.#
#.....####.2##.#
#.#.#'####..##>######
#############.###...##..#........
....(.........# #...##..#..#####.


You could see a shadow demon.

Vanquished Creatures
  5 dread liches
  Tiamat (Zot:4)
  An orb of fire (Zot:5)
  3 ancient liches
  A juggernaut (Depths:4)
  Mara (Snake:4)
  A royal mummy (Crypt:2)
  Josephina (Zot:2)
  6 Killer Klowns (Zot:5)
  Vashnia (Snake:2)
  Margery (Depths:4)
  A curse toe (Zot:5)
  6 golden dragons
  A profane servitor (Crypt:1)
  Jory (Crypt:3)
  2 Tzitzimimeh
  2 electric golems (Zot:5)
  A hellephant (Depths:3)
  12 tentacled monstrosities
  Jorgrun (D:15)
  Asterion (Snake:2)
  4 titans (Vaults:5)
  3 deep elf blademasters
  3 liches
  23 Orb Guardians
  11 quicksilver dragons
  An Executioner (D:6)
  2 deep elf master archers (Elf:3)
  A death cob (Zot:3)
  3 ancient champions
  Gastronok (Lair:3)
  5 thorn hunters
  13 shadow dragons
  7 draconian monks
  4 sphinxes
  7 tengu reavers
  Kirke (D:15)
  14 storm dragons
  2 revenants
  9 nagarajas
  3 draconian knights
  Donald (Snake:4)
  7 fire giants
  3 fenstrider witches (Swamp:4)
  21 vault wardens
  8 frost giants
  A juggernaut zombie (Crypt:3)
  2 iron dragons
  5 deep elf sorcerers
  5 ghost moths
  15 draconian scorchers
  2 imperial myrmidons (Desolation)
  A cacodemon (Depths:4)
  8 draconian annihilators
  7 ghouls
  3 balrugs
  A curse skull (Crypt:2)
  A draconian stormcaller (Zot:1)
  Aizul (Snake:1)
  4 deep elf elementalists (Elf:3)
  A spectral caustic shrike (Crypt:2)
  5 draconian shifters
  10 ironbound thunderhulks
  6 war gargoyles
  A reaper (Crypt:3)
  A quicksilver ooze (shapeshifter) (Vaults:5)
  29 ironbound preservers
  32 very ugly things
  A starflower (Swamp:4)
  17 green draconians
  24 stone giants
  16 vampire knights
  3 halazid warlocks (Desolation)
  13 black draconians
  2 lorocyprocas
  10 purple draconians
  17 red draconians
  5 eleionomae
  10 deep elf annihilators
  7 deep elf demonologists
  9 dire elephants
  4 bunyips
  11 white draconians
  19 ettins
  A spark wasp (shapeshifter) (Vaults:3)
  A green death (Swamp:4)
  16 yellow draconians
  3 eidola
  A shambling mangrove (Swamp:2)
  A blizzard demon (Swamp:4)
  2 crystal guardians
  8 deep elf death magi
  13 fire dragons
  10 jiangshi
  4 mummy priests
  9 ragged hierophants (Desolation)
  5 spectral spriggans (Crypt:2)
  10 yaktaur captains
  2 entropy weavers
  3 salamander tyrants
  4 spriggan zombies
  4 deep elf high priests
  56 vault guards
  2 great orbs of eyes
  A spectral shadow dragon (Crypt:2)
  3 rakshasas
  5 servants of whispers (Desolation)
  A fenstrider witch zombie (Crypt:1)
  The ghost of jlumianski the Fighter, a journeyman DsFi of Qazlal (D:10)
  6 ogre magi
  A ghost crab (Swamp:2)
  19 hydras
  10 ice dragons
  8 peacekeepers
  4 ironbound frosthearts
  2 spriggan skeletons
  3 two-headed ogres
  6 spriggan air magi
  6 centaur warriors
  A hell beast (Depths:4)
  A spectral stone giant (Crypt:2)
  An alligator snapping turtle (Snake:4)
  5 alligators
  2 catoblepae
  30 dancing weapons
  A deep troll shaman (Depths:4)
  A fenstrider witch skeleton (Crypt:1)
  5 deep troll earth magi
  13 anacondas
  3 death knights
  11 vampire magi
  2 titan zombies
  5 death yaks
  16 naga warriors
  7 shock serpents
  5 spriggan berserkers
  9 tengu warriors
  8 boulder beetles
  A spectral naga (Crypt:2)
  15 hell knights
  20 naga sharpshooters
  An orc high priest (Elf:2)
  A spectral dire elephant (Crypt:2)
  2 hell hogs (Depths:3)
  7 soul eaters
  9 sun demons
  23 deep elf knights
  2 storm dragon zombies (Crypt:3)
  Nergalle (Lair:3)
  A shadow wraith (Depths:2)
  5 iron trolls
  2 sixfirhies
  5 golden dragon zombies (Crypt:3)
  26 skeletal warriors
  5 salamander mystics
  3 sea snakes (Snake:3)
  A bunyip zombie (Crypt:1)
  74 deep trolls
  A goliath frog (shapeshifter) (Vaults:5)
  5 goliath frogs
  A death drake (Zot:4)
  5 lindwurms
  A spectral anaconda (Crypt:2)
  6 flayed ghosts
  4 spriggan druids
  3 glowing orange brains
  A bunyip skeleton (Crypt:1)
  8 bog bodies
  A shadow demon (Depths:3)
  5 swamp dragons
  9 naga ritualists
  21 deep elf archers
  2 golden dragon skeletons (Depths:2)
  3 orc knights
  2 obsidian statues
  21 ironbound convokers
  A sphinx zombie (Depths:2)
  11 wizards
  An anaconda skeleton (Crypt:1)
  3 harpies (Vaults:4)
  An orange crystal statue (D:13)
  19 phantasmal warriors
  A fenstrider witch simulacrum (Crypt:2)
  9 necromancers
  32 deep elf zephyrmancers
  16 mana vipers
  A spectral ettin (Crypt:2)
  32 deep elf pyromancers
  A stone giant zombie (Crypt:1)
  A broodmother zombie (Crypt:3)
  4 orc sorcerers
  32 ugly things
  An iron dragon zombie (Crypt:1)
  A faun (shapeshifter) (D:8)
  A wolf spider (D:15)
  5 cyclopes
  4 will-o-the-wisps
  A shadow dragon skeleton (Depths:2)
  23 salamanders
  A moth of wrath (shapeshifter) (Vaults:5)
  3 manticores
  An elephant (shapeshifter) (Depths:4)
  10 guardian serpents
  24 moths of wrath
  3 centaur zombies
  A stone giant skeleton (Crypt:1)
  3 elephants (Lair:2)
  An alligator snapping turtle zombie (Crypt:1)
  50 black mambas
  18 vault sentinels
  17 naga magi
  2 rust devils
  A storm dragon simulacrum (Crypt:1)
  3 torpor snails
  An eye of devastation (Vaults:3)
  7 orange demons
  A minotaur zombie (Crypt:1)
  3 gargoyles
  A dire elephant skeleton (Crypt:1)
  7 smoke demons
  2 cane toads
  4 rime drakes
  3 kobold demonologists
  A hellion (Depths:2)
  6 komodo dragons
  A yaktaur (shapeshifter) (Elf:3)
  A demonic crawler (Zot:2)
  2 unseen horrors (D:11)
  A red draconian zombie (Crypt:2)
  2 efreet
  20 yaktaurs
  7 freezing wraiths
  3 hellwings
  9 guardian mummies (Crypt:2)
  A red draconian skeleton (Crypt:3)
  4 tengu conjurers
  A white draconian skeleton (Crypt:2)
  2 harpy zombies (Crypt:1)
  10 polar bears (Lair:5)
  3 meliai (D:15)
  A merfolk (shapeshifter) (Vaults:5)
  A queen bee (Lair:1)
  13 trolls
  A bloated husk (Swamp:4)
  16 hornets
  38 saltlings (Desolation)
  A tarantella (shapeshifter) (Vaults:3)
  4 tyrant leeches
  A mana viper skeleton (Crypt:1)
  A harpy skeleton (Crypt:2)
  9 blink frogs
  29 slime creatures
  An ice dragon zombie (Crypt:2)
  A raiju (Lair:5)
  An alligator zombie (Crypt:3)
  A culicivora zombie (Crypt:3)
  4 spectral black mambas (Crypt:2)
  2 ettin zombies
  4 centaur simulacra
  An ettin skeleton (Crypt:2)
  13 spriggans
  A culicivora (D:12)
  4 shadows
  A jumping spider (Vaults:5)
  2 ynoxinuls (Depths:4)
  A spriggan (shapeshifter) (Elf:2)
  A jumping spider (shapeshifter) (Vaults:3)
  11 air elementals
  4 hogs (D:15)
  9 water elementals
  24 vampires
  A naga simulacrum (Crypt:1)
  7 wraiths
  Grum (D:8)
  4 wyverns
  73 yaks
  5 fire elementals
  3 steam dragons
  4 redbacks
  3 chaos spawn
  A neqoxec (Swamp:4)
  A hog (shapeshifter) (Elf:3)
  15 vampire mosquitoes
  A red draconian simulacrum (Zot:2)
  9 wargs
  4 basilisks
  17 swamp worms
  Edmund (D:5)
  2 naga zombies (Crypt:1)
  51 nagas
  A two-headed ogre zombie (Crypt:1)
  4 acid dragons
  A floating eye (shapeshifter) (Depths:2)
  15 hell hounds (Lair:5)
  11 water moccasins
  3 floating eyes
  4 swamp drakes
  25 orc warriors
  9 sky beasts
  2 ice beasts
  11 black bears (Lair:5)
  A hornet zombie (Crypt:2)
  A swamp dragon zombie (Crypt:1)
  5 boggarts
  9 centaurs
  4 ogres
  23 wolves
  A manticore skeleton (Crypt:2)
  A swamp dragon skeleton (Crypt:1)
  A phantom (D:3)
  2 dream sheep skeletons
  A snapping turtle skeleton (Crypt:2)
  4 kobold brigands
  10 bullfrogs
  4 necrophages
  3 earth elementals
  2 gnoll sergeants
  2 scorpions
  A cyclops zombie (Crypt:3)
  2 scorpions (shapeshifter)
  A komodo dragon skeleton (Crypt:1)
  14 wights
  24 killer bees
  13 howler monkeys
  16 electric eels
  9 hounds
  3 jellies
  20 orc priests
  3 gnoll boudas
  2 iguanas (D:6)
  A scorpion zombie (Crypt:2)
  24 orc wizards
  4 lightning spires (Depths:3)
  A howler monkey zombie (Crypt:2)
  6 adders
  18 gnolls
  An adder skeleton (Crypt:3)
  2 dart slugs
  81 orcs
  7 ball pythons
  2 bats
  9 endoplasms
  14 giant cockroaches
  8 goblins
  9 hobgoblins
  6 jackals
  7 kobolds
  7 quokkas
  13 frilled lizards
  A hobgoblin zombie (Crypt:2)
  An orc zombie (Crypt:3)
  4 rats
  6 briar patches (Swamp:4)
2522 creatures vanquished.

Vanquished Creatures (collateral kills)
  A seraph (Depths:1)
  An orb of fire (Zot:5)
  A curse toe (Zot:5)
  A golden dragon (Zot:3)
  4 Orb Guardians (Zot:5)
  A storm dragon (Zot:1)
  A vault warden (Vaults:2)
  A draconian shifter (Zot:2)
  A draconian stormcaller (Zot:1)
  A deep elf elementalist (Elf:3)
  2 draconian annihilators
  3 green draconians
  A purple draconian (Zot:3)
  2 servants of whispers (Desolation)
  An ice dragon (Zot:4)
  4 naga sharpshooters
  A shock serpent (Snake:3)
  2 death yaks (Lair:3)
  An orc high priest (Orc:2)
  A hell knight (Depths:4)
  A salamander mystic (Snake:4)
  A harpy (Vaults:4)
  An ironbound convoker (Desolation)
  2 lindwurms (D:12)
  A deep elf zephyrmancer (Elf:2)
  A necromancer (Crypt:1)
  2 deep elf pyromancers (Elf:2)
  An orc sorcerer (Orc:2)
  2 moths of wrath (Zot:1)
  4 elephants (Lair:2)
  2 naga magi
  Maurice (Orc:2)
  A black mamba (Snake:2)
  A cane toad (Lair:1)
  A kobold demonologist (D:10)
  A harpy skeleton (Crypt:1)
  A blink frog (Lair:3)
  6 saltlings (Desolation)
  Prince Ribbit (D:7)
  A wyvern (Lair:3)
  A hog (Lair:1)
  A yak (D:10)
  A warg (D:10)
  2 nagas (Snake:3)
  5 orc warriors
  2 killer bees (Lair:1)
  4 orc priests
  7 orc wizards (Orc:2)
  An orc (D:10)
87 creatures vanquished.

Vanquished Creatures (others)
  A shadow dragon (Vaults:5)
  A ghost moth (Zot:5)
  A deep elf annihilator (Vaults:3)
  A death yak (Lair:3)
  An alligator (Swamp:4)
  7 dancing weapons
  A death drake (Swamp:4)
  A spriggan druid (Swamp:3)
  A goliath frog (Swamp:4)
  2 deep trolls (Vaults:2)
  A deep elf pyromancer (Elf:2)
  An ugly thing (D:14)
  2 elephants (Lair:2)
  A cane toad (Lair:3)
  5 bloated husks
  A shadow dragon simulacrum (Zot:2)
  A draconian simulacrum (Zot:2)
  A saltling (Desolation)
  A spriggan (Swamp:4)
  A human (D:15)
  3 yaks (Lair:3)
  A wraith (D:13)
  A white draconian simulacrum (Zot:2)
  A swamp worm (Swamp:3)
  A moth of wrath simulacrum (Zot:2)
  A hell hound (Lair:5)
  An orc warrior (Elf:2)
  4 killer bees (Lair:1)
  3 orc wizards (Orc:2)
  4 ball lightnings (Depths:3)
  A briar patch (Swamp:4)
  41 foxfires
  25 fungi
  70 plants
189 creatures vanquished.

Grand Total: 2798 creatures vanquished

Notes
Turn   | Place    | Note
-------+----------+-------------------------------------------
     0 | D:1      | greynaab the Gargoyle Hunter began the quest for the Orb.
     0 | D:1      | Reached XP level 1. HP: 12/12 MP: 1/1
    93 | D:1      | Reached XP level 2. HP: 17/17 MP: 2/2
   392 | D:1      | Found a faded altar of an unknown god.
   401 | D:1      | Prayed at the altar of an unknown god.
   401 | D:1      | Became a worshipper of Xom of Chaos
   600 | D:1      | Reached XP level 3. HP: 21/21 MP: 3/3
   837 | D:2      | Reached skill level 5 in Ranged Weapons
   980 | D:2      | Identified the +4 buckler of Imperfection {rN+ Dex+3}
  1005 | D:2      | XOM: silly message
  1189 | D:2      | XOM: give mutation
  1189 | D:2      | Gained mutation: Your flesh is cold resistant. (rC+) [Xom's
                  | mischief]
  1315 | D:3      | Found Wiemeqo's Jewellery Boutique.
  1318 | D:3      | Noticed a phantom
  1393 | D:3      | Killed a phantom
  1394 | D:3      | Reached skill level 1 in Shields
  1394 | D:3      | Reached XP level 4. HP: 26/26 MP: 4/4
  1394 | D:3      | Reached XP level 5. HP: 30/30 MP: 5/5
  1564 | D:3      | Found a glowing drain.
  1568 | Sewer    | Entered a sewer
  1839 | Sewer    | Reached XP level 6. HP: 29/35 MP: 6/6
  2164 | D:3      | XOM: scenery: summon butterflies
  2472 | D:3      | XOM: god gift: 26 gold pieces
  3139 | D:4      | Identified the +8 whip "Cuysseng" {flame, *Rage +Blink rC++
                  | Dex+3 Stlth+}
  3238 | D:4      | Reached XP level 7. HP: 40/40 MP: 7/7
  3359 | D:5      | Entered Level 5 of the Dungeon
  3526 | D:5      | Noticed Edmund
  3528 | D:5      | XOM: silly message
  3553 | D:5      | Killed Edmund
  3620 | D:5      | XOM: 2-stop teleportation journey
  3625 | D:5      | XOM: give mutation
  3625 | D:5      | Gained mutation: You have supernaturally acute eyesight.
                  | (SInv) [Xom's grace]
  3833 | D:5      | Reached XP level 8. HP: 28/44 MP: 8/8
  3965 | D:5      | Found Gicis's Lightly-Used Armoury.
  3972 | D:5      | Bought a -1 demon whip for 120 gold pieces
  4243 | D:6      | Reached skill level 1 in Maces & Flails
  4243 | D:6      | Reached skill level 5 in Shields
  4615 | D:6      | XOM: god gift: scroll labelled ESIGRE GOUC {god gift}
  4760 | D:6      | XOM is BORED!
  4760 | D:6      | XOM: stat loss: -3 Int (7/10)
  4830 | D:6      | XOM: noise
  4932 | D:6      | Found a staircase to the Ecumenical Temple.
  5133 | D:7      | XOM: swap monsters
  5223 | D:7      | XOM: confusion (+ monsters)
  5254 | D:7      | Reached XP level 9. HP: 48/48 MP: 9/9
  5291 | D:7      | XOM: butterfly on damage
  5293 | D:7      | Reached skill level 10 in Ranged Weapons
  5310 | D:7      | Reached skill level 5 in Maces & Flails
  5331 | D:7      | Identified the +9 hand axe "Isogium" {drain, Int+4}
  5443 | D:7      | XOM: give mutation
  5443 | D:7      | Gained mutation: Your flesh is very cold resistant. (rC++)
                  | [Xom's grace]
  5458 | D:7      | XOM: fog
  5463 | D:7      | XOM: enchant monster (good)
  5500 | D:7      | Noticed Prince Ribbit
  5505 | D:7      | XOM: silly message
  5531 | D:7      | XOM: summons 6 friendly demons
  5535 | D:7      | Killed Prince Ribbit
  5536 | D:7      | Reached skill level 3 in Fighting
  6043 | D:7      | XOM: silly message
  6112 | D:8      | Noticed a hornet
  6122 | D:8      | XOM: cast spell 'Summon Ice Beast'
  6129 | D:8      | Killed a hornet
  6149 | D:8      | Noticed Grum
  6177 | D:8      | Reached skill level 4 in Fighting
  6178 | D:8      | Killed Grum
  6248 | D:8      | XOM: 1-stop teleportation journey
  6269 | D:8      | Found a flagged portal.
  6282 | Bailey   | Entered a bailey
  6287 | Bailey   | XOM: 2-stop teleportation journey
  6297 | Bailey   | XOM: silly message
  6375 | Bailey   | XOM: enchant monster (bad)
  6392 | Bailey   | Reached skill level 5 in Fighting
  6423 | Bailey   | Reached XP level 10. HP: 24/59 MP: 10/10
  6722 | Bailey   | XOM: enchant monster (bad)
  6915 | Bailey   | Identified the +1 scale mail of Ru's Condemnation {Rampage
                  | *Corrode Str+3}
  6966 | Bailey   | XOM: smoke on damage
  7005 | Bailey   | XOM: noise
  7174 | D:8      | Reached skill level 6 in Fighting
  7250 | D:8      | XOM: give mutations
  7250 | D:8      | Gained mutation: Your flesh is almost immune to the effects
                  | of cold. (rC+++) [Xom's grace]
  7250 | D:8      | Gained mutation: You have large cloven feet. [Xom's grace]
  7250 | D:8      | Gained mutation: Your skin changes colour to match your
                  | surroundings (Stealth+). [Xom's grace]
  7349 | D:8      | XOM: noise
  7352 | D:8      | a yak changed into a glowing shapeshifter
  7352 | D:8      | Noticed a glowing shapeshifter (glowing shapeshifter)
  7352 | D:8      | XOM: polymorph yak -> glowing shapeshifter
  7353 | D:8      | a glowing shapeshifter changed into a faun
  7353 | D:8      | Noticed a faun (glowing shapeshifter)
  7361 | D:8      | XOM: noise
  7364 | D:8      | Killed a faun
  7413 | D:8      | XOM: divination: detect creatures
  7869 | D:8      | XOM: confuse monster(s)
  7871 | D:8      | Noticed a two-headed ogre
  7883 | D:8      | Reached skill level 10 in Maces & Flails
  7908 | D:8      | XOM: cast spell 'Call Canine Familiar'
  7912 | D:8      | Killed a two-headed ogre
  7913 | D:8      | Reached skill level 7 in Fighting
  8230 | D:9      | XOM: summons friendly iron imp
  8251 | D:9      | XOM: scenery: create altars
  8269 | D:9      | Reached XP level 11. HP: 27/68 MP: 11/11
  8396 | D:9      | XOM: polymorph hound -> howler monkey
  8475 | D:9      | XOM: summons friendly shadow imp
  8503 | D:9      | XOM: torment (14/68 hp)
  8601 | D:9      | Found a staircase to the Lair.
  8601 | D:9      | XOM: 2-stop teleportation journey
  8609 | Lair:1   | Entered Level 1 of the Lair of Beasts
  8620 | Lair:1   | Reached skill level 8 in Fighting
  8622 | Lair:1   | XOM: summons friendly iron imp
  8797 | Lair:1   | Identified a scroll of acquirement
  8798 | Lair:1   | Acquired a manual of Fighting
  8836 | Lair:1   | XOM: confusion
  8839 | Lair:1   | XOM: draining
  9012 | Lair:1   | XOM: scenery: 2 doors open
  9013 | Lair:1   | XOM: 5-stop teleportation journey
  9034 | Lair:1   | XOM: 1-stop teleportation journey
  9036 | Lair:1   | XOM: polymorph blink frog -> black mamba
  9049 | Lair:1   | Reached skill level 9 in Fighting
  9072 | Lair:1   | XOM: chaos cloud
  9080 | Lair:1   | XOM: blink monster(s)
  9275 | Lair:1   | XOM: smoke on damage
  9276 | Lair:1   | Reached skill level 1 in Armour
  9567 | Lair:1   | XOM: butterfly on damage
  9580 | Lair:1   | Reached skill level 10 in Fighting
  9799 | Lair:1   | XOM: 1-stop teleportation journey
  9912 | Lair:1   | XOM: polymorph yak -> hog
  9917 | Lair:1   | XOM: summons 11 friendly demons
 10141 | Lair:1   | XOM: scenery: create altars
 10255 | Lair:1   | XOM: scenery: 1 doors open, 1 doors close
 10278 | Lair:1   | XOM: cloud trail
 10439 | Lair:2   | XOM: god gift: potion of heal wounds
 10550 | Lair:2   | Reached skill level 11 in Fighting
 10672 | Lair:2   | XOM: give mutations
 10672 | Lair:2   | Gained mutation: You expend magic power (3 MP) to
                  | strengthen your wands. [Xom's grace]
 10672 | Lair:2   | Gained mutation: You are somewhat resistant to further
                  | mutation. [Xom's grace]
 10672 | Lair:2   | Gained mutation: You are partially covered in iridescent
                  | scales. (AC +2) [Xom's grace]
 10672 | Lair:2   | Gained mutation: You have a pair of small horns on your
                  | head. [Xom's grace]
 10710 | Lair:2   | XOM: potion effect (haste)
 10715 | Lair:2   | Reached XP level 12. HP: 57/80 MP: 12/12
 10944 | Lair:2   | XOM: fake destruction
 10963 | Lair:2   | XOM: summons 12 friendly demons
 11129 | Lair:2   | Reached skill level 5 in Armour
 11162 | Lair:2   | XOM: divine lightning
 11163 | Lair:2   | Reached skill level 12 in Fighting
 11166 | Lair:2   | XOM: destruction
 11319 | Lair:2   | Found a staircase to the Swamp.
 11439 | Lair:2   | XOM: confuse monster(s)
 11685 | Lair:2   | XOM: summons 7 friendly demons
 11778 | Lair:3   | Noticed a five-headed hydra
 11793 | Lair:3   | Noticed a death yak
 11793 | Lair:3   | Noticed a death yak
 11794 | Lair:3   | Noticed a death yak
 11808 | Lair:3   | Noticed a seven-headed hydra
 11895 | Lair:1   | Reached skill level 5 in Dodging
 12034 | D:9      | XOM: 3-stop teleportation journey
 12161 | D:9      | Reached skill level 13 in Fighting
 12256 | D:9      | XOM: silly message
 12658 | D:10     | Entered Level 10 of the Dungeon
 12667 | D:10     | Found a staircase to the Orcish Mines.
 12691 | D:10     | XOM: cast spell 'Necromutation'
 12781 | D:10     | Found a sacrificial altar of Ru.
 12791 | D:10     | Identified the +3 great sword "Baehekko" {vorpal, rF- rN+
                  | SInv}
 12918 | D:10     | XOM: give mutations
 12918 | D:10     | Gained mutation: You are agile. (Dex +4, Str/Int -1) [Xom's
                  | grace]
 12918 | D:10     | Gained mutation: You are mostly covered in iridescent
                  | scales. (AC +4) [Xom's grace]
 12918 | D:10     | Gained mutation: Your skin blends seamlessly with your
                  | surroundings (Stealth++). [Xom's grace]
 12918 | D:10     | Lost mutation: You are somewhat resistant to further
                  | mutation. [Xom's grace]
 12918 | D:10     | Gained mutation: You have hidden genetic potential. [Xom's
                  | grace]
 12945 | D:10     | XOM: confuse monster(s)
 13190 | D:10     | Found a runed translucent door.
 13215 | D:10     | XOM: polymorph troll -> spriggan
 13238 | D:10     | XOM: god gift: leather armour {god gift}
 13388 | D:11     | XOM is BORED!
 13388 | D:11     | XOM: 3-stop teleportation journey
 13395 | D:11     | XOM: noise
 13439 | D:11     | Reached skill level 14 in Fighting
 13441 | D:11     | Noticed a two-headed ogre
 13451 | D:11     | Killed a two-headed ogre
 13458 | D:11     | XOM: potion effect (might)
 13464 | D:11     | XOM: potion effect (magic)
 13465 | D:11     | XOM: silly message
 13468 | D:11     | Reached XP level 13. HP: 53/90 MP: 9/13
 13505 | D:11     | XOM: potion effect (brilliance)
 13683 | D:11     | Learned a level 3 spell: Vhi's Electric Charge
 13742 | D:11     | Reached skill level 1 in Translocations
 13886 | D:11     | XOM is BORED!
 13886 | D:11     | XOM: silly message
 13985 | D:11     | XOM: silly message
 13993 | D:11     | XOM: potion effect (invisibility)
 14001 | D:11     | XOM: potion effect (curing)
 14004 | D:11     | XOM: enchant monster (bad)
 14072 | D:11     | Reached skill level 15 in Fighting
 14375 | D:11     | XOM: god gift: scroll of enchant weapon
 14549 | D:12     | XOM: 1-stop teleportation journey
 14661 | D:12     | XOM: cast spell 'Call Canine Familiar'
 14662 | D:12     | XOM: potion effect (brilliance)
 14670 | D:12     | XOM: fog
 14686 | D:12     | XOM: cleaving
 14718 | D:12     | Gained mutation: You have a pair of horns on your head.
                  | [hidden potential]
 14976 | D:12     | XOM: summons 3 friendly demons
 14983 | D:12     | XOM: confuse monster(s)
 14987 | D:12     | XOM: summons 1 friendly demon
 15018 | D:12     | XOM: 5-stop teleportation journey
 15378 | D:12     | XOM: polymorph lindwurm -> culicivora
 15394 | D:12     | XOM: fog
 15601 | Lair:2   | XOM: 4-stop teleportation journey
 15620 | Lair:2   | XOM: divination: detect creatures
 15630 | Lair:3   | XOM: confuse monster(s)
 15695 | Lair:3   | Found a staircase to the Snake Pit.
 15698 | Lair:3   | Noticed Nergalle
 15732 | Lair:2   | XOM: god gift: sling {god gift}
 15893 | Lair:3   | XOM: 2-stop teleportation journey
 15990 | Lair:3   | XOM: potion effect (haste)
 16044 | Lair:3   | XOM: summons friendly iron imp
 16045 | Lair:3   | XOM: confuse monster(s)
 16061 | Lair:3   | XOM: divine lightning
 16062 | Lair:3   | Reached skill level 16 in Fighting
 16064 | Lair:3   | XOM: summons friendly quasit
 16170 | Lair:3   | XOM: scenery: 1 doors open
 16326 | Lair:3   | XOM: summons 5 friendly demons
 16343 | Lair:3   | Gained mutation: Your large and strong wings let you fly.
                  | [Gargoyle growth]
 16343 | Lair:3   | Reached XP level 14. HP: 100/100 MP: 14/14
 16373 | Lair:3   | Reached skill level 10 in Armour
 16380 | Lair:3   | XOM: polymorph water moccasin -> bullfrog
 16381 | Lair:3   | XOM: destruction
 16443 | Lair:3   | Noticed Gastronok
 16450 | Lair:3   | XOM: repel stairs
 16467 | Lair:3   | Killed Gastronok
 16717 | Lair:3   | XOM: divination: detect items
 16725 | Lair:3   | Killed Nergalle
 16745 | Lair:3   | XOM: silly message
 16801 | Lair:4   | Reached skill level 5 in Translocations
 16876 | Lair:4   | XOM: silly message
 16947 | Lair:4   | XOM: silly message
 17015 | Lair:4   | XOM: potion effect (invisibility)
 17069 | Lair:4   | Learned a level 4 spell: Olgreb's Toxic Radiance
 17462 | Lair:5   | Entered Level 5 of the Lair of Beasts
 17489 | Lair:5   | Reached skill level 1 in Poison Magic
 17519 | Lair:5   | XOM: summons 1 hostile shadow creature
 17614 | Lair:5   | XOM: enchant monster (bad)
 17647 | Lair:5   | XOM: cast spell 'Necromutation'
 18021 | Lair:5   | XOM: enchant monster (bad)
 18045 | Lair:5   | Reached skill level 17 in Fighting
 18084 | Lair:5   | XOM: chaos cloud
 18111 | Lair:5   | XOM: cast spell 'Necromutation'
 18119 | Lair:5   | XOM: destruction
 18134 | Lair:5   | XOM: summons 2 friendly demons
 18140 | Lair:5   | XOM: blink monster(s)
 18382 | Lair:5   | Reached skill level 5 in Poison Magic
 18526 | Lair:5   | XOM: enchant monster (good)
 18595 | Lair:5   | Got the Vellum of the Map and Malignant Arts
 18623 | Lair:5   | XOM: potion effect (haste)
 18810 | Lair:5   | Found a staircase to the Slime Pits.
 18868 | Lair:3   | XOM: cast spell 'Summon Cactus Giant'
 19092 | D:3      | Bought a ring of willpower for 275 gold pieces
 19105 | D:3      | XOM: torment (83/102 hp)
 19237 | Orc:1    | Entered Level 1 of the Orcish Mines
 19380 | Orc:2    | Entered Level 2 of the Orcish Mines
 19387 | Orc:2    | XOM: confuse monster(s)
 19470 | Orc:2    | Noticed Maurice
 19486 | Orc:2    | XOM: silly message
 19491 | Orc:2    | XOM: confusion (+ monsters)
 19494 | Orc:2    | Found a staircase to the Elven Halls.
 19494 | Orc:2    | XOM: summons 2 friendly demons
 19497 | Orc:2    | XOM: cast spell 'Monstrous Menagerie'
 19502 | Orc:2    | Reached skill level 1 in Spellcasting
 19502 | Orc:2    | Reached XP level 15. HP: 107/107 MP: 16/16
 19508 | Orc:2    | Killed Maurice
 19657 | Orc:2    | XOM: chaos upgrade
 19701 | Orc:2    | XOM: destruction
 19749 | Orc:2    | Found Ydwesmyoxi's Distillery.
 19749 | Orc:2    | Found Vaaroprie's Magic Scroll Shoppe.
 19749 | Orc:2    | Found Hexotel's Armour Emporium.
 19779 | Orc:2    | Found Zogoor's Weapon Emporium.
 19842 | Orc:2    | XOM: god gift: ring of willpower
 20036 | Orc:2    | XOM: god gift: ring of fire
 20097 | Orc:2    | XOM: scenery: summon butterflies
 20166 | Orc:2    | Bought a scroll of magic mapping for 90 gold pieces
 20166 | Orc:2    | Bought a scroll of poison for 48 gold pieces
 20166 | Orc:2    | Bought a scroll of blinking for 90 gold pieces
 20166 | Orc:2    | Bought a scroll of enchant weapon for 90 gold pieces
 20166 | Orc:2    | Bought a scroll of fog for 48 gold pieces
 20166 | Orc:2    | Bought a scroll of identify for 24 gold pieces
 20168 | Orc:2    | Bought a potion of haste for 100 gold pieces
 20168 | Orc:2    | Bought a potion of magic for 80 gold pieces
 20168 | Orc:2    | Bought a potion of haste for 100 gold pieces
 20168 | Orc:2    | Bought a potion of lignification for 30 gold pieces
 20168 | Orc:2    | Bought a potion of heal wounds for 50 gold pieces
 20168 | Orc:2    | Bought a potion of haste for 100 gold pieces
 20168 | Orc:2    | Bought a potion of might for 40 gold pieces
 20168 | Orc:2    | Bought a potion of brilliance for 40 gold pieces
 20168 | Orc:2    | Bought a potion of berserk rage for 50 gold pieces
 20168 | Orc:2    | Bought a potion of curing for 30 gold pieces
 20168 | Orc:2    | Bought a potion of curing for 30 gold pieces
 20172 | Orc:2    | Learned a level 2 spell: Blink
 20241 | D:10     | XOM: cloud trail
 20266 | D:12     | XOM: god gift: +4 ring of evasion
 20330 | Orc:1    | XOM: 3-stop teleportation journey
 20335 | Orc:1    | XOM: potion effect (haste)
 20469 | D:10     | XOM: silly message
 20521 | D:12     | XOM: summons 5 friendly demons
 20524 | D:12     | XOM: cast spell 'Monstrous Menagerie'
 20655 | D:13     | XOM: silly message
 20657 | D:13     | Gained mutation: Your movements are slightly less
                  | encumbered by armour. (ER -2) [hidden potential]
 20657 | D:13     | Lost mutation: You have hidden genetic potential. [hidden
                  | potential expressed]
 20780 | D:13     | XOM: noise
 20784 | D:13     | XOM: enchant monster (good)
 20785 | D:13     | XOM: enchant monster (good)
 20843 | D:13     | Found a large runed translucent door.
 20844 | D:13     | Found a large runed translucent door.
 20873 | D:13     | Found a shimmering altar of Xom.
 21074 | D:13     | Learned a level 3 spell: Mephitic Cloud
 21083 | D:13     | XOM: give mutations
 21083 | D:13     | Gained mutation: You have a pair of large horns on your
                  | head. [Xom's grace]
 21083 | D:13     | Gained mutation: You passively map a small area around you.
                  | [Xom's grace]
 21083 | D:13     | Gained mutation: Your mind is acute. (Int +4, Str/Dex -1)
                  | [Xom's grace]
 21113 | D:13     | XOM: summons 1 hostile shadow creature
 21450 | D:14     | XOM: confusion (+ monsters)
 21552 | D:14     | XOM: enchant monster (good)
 21579 | D:14     | Found a gate to the Vaults.
 21580 | D:14     | XOM: cast spell 'Chain of Chaos'
 21597 | D:14     | Reached skill level 1 in Air Magic
 21649 | D:14     | XOM: silly message
 21741 | D:14     | XOM: scenery: create altars
 21838 | D:14     | Reached skill level 18 in Fighting
 22022 | D:14     | XOM: fog
 22024 | D:14     | XOM: confuse monster(s)
 22026 | D:14     | XOM: divine lightning
 22030 | D:14     | XOM: scenery: 1 doors close
 22031 | D:14     | XOM: enchant monster (bad)
 22296 | D:13     | XOM: cloud trail
 22347 | D:12     | XOM: scenery: summon butterflies
 22487 | Snake:1  | Entered Level 1 of the Snake Pit
 22498 | Snake:1  | XOM: divination: detect creatures
 22510 | Snake:1  | XOM: potion effect (invisibility)
 22515 | Snake:1  | XOM: cleaving
 22532 | Snake:1  | Noticed Aizul
 22533 | Snake:1  | XOM: snakes to sticks
 22556 | Snake:1  | XOM: divination: detect creatures
 22559 | Snake:1  | Killed Aizul
 22562 | Snake:1  | XOM: divination: magic mapping
 22628 | Snake:1  | XOM: potion effect (brilliance)
 22635 | Snake:1  | XOM: silly message
 22640 | Snake:1  | XOM: noise
 22652 | Snake:1  | Reached skill level 10 in Poison Magic
 22661 | Snake:1  | XOM: confuse monster(s)
 22679 | Snake:1  | XOM: smoke on damage
 22751 | Snake:1  | Reached XP level 16. HP: 106/114 MP: 23/23
 22786 | Snake:1  | Reached skill level 5 in Spellcasting
 22789 | Snake:1  | XOM: silly message
 22871 | Snake:1  | Found Usessiwk's Magic Scroll Shoppe.
 22876 | Snake:1  | Bought a scroll of poison for 48 gold pieces
 22876 | Snake:1  | Bought a scroll of immolation for 48 gold pieces
 22876 | Snake:1  | Bought a scroll of blinking for 90 gold pieces
 22876 | Snake:1  | Bought a scroll of enchant weapon for 90 gold pieces
 22960 | Snake:1  | XOM: divination: magic mapping
 22962 | Snake:1  | XOM: enchant monster (good)
 22978 | Snake:1  | XOM: blink monster(s)
 22982 | Snake:1  | XOM: polymorph salamander -> floating eye
 22984 | Snake:1  | XOM: summons friendly crimson imp
 23099 | Snake:1  | XOM: summons 3 hostile demons
 23224 | Snake:1  | XOM: silly message
 23370 | Snake:1  | XOM: cloud trail
 23538 | Snake:2  | XOM: silly message
 23545 | Snake:2  | XOM: summons friendly ufetubus
 23547 | Snake:2  | XOM: cast spell 'Olgreb's Toxic Radiance'
 23571 | Snake:2  | XOM: summons 7 friendly demons
 23640 | Snake:2  | Reached skill level 5 in Air Magic
 23670 | Snake:2  | Identified the +0 kite shield of Tire {rElec rF- rN+ Int+7}
 23670 | Snake:2  | Noticed Asterion
 23676 | Snake:2  | XOM: enchant monster (good)
 23688 | Snake:2  | Noticed Vashnia
 23696 | Snake:2  | XOM: summons friendly shadow imp
 23701 | Snake:2  | Killed Asterion
 23833 | Snake:2  | Reached skill level 19 in Fighting
 23858 | Snake:2  | Killed Vashnia
 23910 | Snake:2  | Noticed a nagaraja
 23926 | Snake:2  | Killed a nagaraja
 23936 | Snake:2  | XOM: give mutation
 23936 | Snake:2  | Gained mutation: Your spells are a little harder to cast,
                  | but a little more powerful. [Xom's grace]
 23990 | Snake:2  | XOM: cleaving
 23992 | Snake:2  | XOM: summons 4 friendly demons
 23998 | Snake:2  | XOM: cast spell 'Leda's Liquefaction'
 24221 | Snake:2  | XOM: confuse monster(s)
 24264 | Snake:2  | XOM: silly message
 24266 | Snake:2  | XOM: confuse monster(s)
 24267 | Snake:2  | XOM: summons friendly quasit
 24269 | Snake:2  | Reached skill level 1 in Axes
 24290 | Snake:2  | XOM: enchant monster (good)
 24527 | Snake:2  | Found Winwyi's Book Shop.
 24527 | Snake:2  | Found Hysam's Jewellery Emporium.
 24529 | Snake:2  | Found Caiduej's Jewellery Emporium.
 24599 | Snake:2  | XOM: give mutations
 24599 | Snake:2  | Gained mutation: You have sharp fingernails. [Xom's grace]
 24599 | Snake:2  | Gained mutation: You possess an exceptional clarity of
                  | mind. [Xom's grace]
 24599 | Snake:2  | Gained mutation: You have very sharp fingernails. [Xom's
                  | grace]
 24599 | Snake:2  | Gained mutation: You passively dampen the noise of your
                  | surroundings. [Xom's grace]
 24647 | Snake:2  | XOM: scenery: 1 doors open, 1 doors close
 24650 | Snake:2  | XOM: noise
 24788 | Snake:2  | XOM: cast spell 'Disjunction'
 24840 | Snake:2  | Reached XP level 17. HP: 121/124 MP: 27/27
 25129 | Snake:3  | Acquired 487 gold pieces
 25219 | Snake:3  | XOM: summons 2 friendly demons
 25222 | Snake:3  | XOM: potion effect (brilliance)
 25270 | Snake:3  | Got the Tome of Profane Liturgies and Venin
 25278 | Snake:3  | XOM: noise
 25281 | Snake:3  | Reached skill level 20 in Fighting
 25384 | Snake:3  | XOM: give mutations
 25384 | Snake:3  | Lost mutation: Your flesh is almost immune to the effects
                  | of cold. (rC+++) [Xom's mischief]
 25384 | Snake:3  | Lost mutation: Your spells are a little harder to cast, but
                  | a little more powerful. [Xom's mischief]
 25384 | Snake:3  | Lost mutation: Your skin blends seamlessly with your
                  | surroundings (Stealth++). [Xom's mischief]
 25384 | Snake:3  | Lost mutation: Your skin changes colour to match your
                  | surroundings (Stealth+). [Xom's mischief]
 25519 | Snake:3  | XOM: enchant monster (good)
 25523 | Snake:3  | XOM: enchant monster (bad)
 25575 | Snake:3  | XOM: potion effect (might)
 25589 | Snake:3  | XOM: enchant monster (bad)
 25739 | Snake:3  | Reached skill level 5 in Axes
 25743 | Snake:3  | XOM: swap monsters
 25816 | Snake:3  | XOM: snakes to sticks
 25966 | Snake:3  | Identified the +12 short sword "Pilekh" {flame, rN+ Dex+7}
 26247 | Snake:3  | XOM: smoke on damage
 26273 | Snake:3  | XOM: scenery: create altars
 26394 | Snake:3  | XOM: give mutations
 26394 | Snake:3  | Lost mutation: You possess an exceptional clarity of mind.
                  | [Xom's mischief]
 26394 | Snake:3  | Lost mutation: You are mostly covered in iridescent scales.
                  | (AC +4) [Xom's mischief]
 26493 | Snake:4  | Entered Level 4 of the Snake Pit
 26498 | Snake:3  | XOM: blink monster(s)
 26513 | Snake:3  | XOM: cleaving
 26529 | Snake:3  | XOM: god gift: scroll of poison
 26610 | Snake:4  | XOM: confuse monster(s)
 26621 | Snake:4  | XOM: cast spell 'Disjunction'
 26671 | Snake:4  | XOM: smoke on damage
 26713 | Snake:4  | XOM: enchant monster (good)
 26720 | Snake:4  | XOM: confusion (+ monsters)
 26826 | Snake:4  | XOM: polymorph naga warrior -> redback
 26877 | Snake:4  | XOM: noise
 26936 | Snake:4  | Reached skill level 10 in Shields
 26961 | Snake:4  | XOM: confusion (+ monsters)
 26993 | Snake:4  | Noticed Mara
 27027 | Snake:4  | XOM: 1-stop teleportation journey
 27031 | Snake:4  | XOM: summons friendly shadow imp
 27036 | Snake:4  | XOM: god gift: wand of mindburst (12)
 27049 | Snake:4  | XOM: stat loss: -1 Int (14/15)
 27125 | Snake:4  | Noticed greynaab's illusion
 27130 | Snake:4  | Killed Mara
 27145 | Snake:4  | Upgraded the game from 0.30-a0-373-gd37427bb62 to
                  | 0.30-a0-374-g95c0257040
 27206 | Snake:4  | XOM: polymorph salamander -> manticore
 27224 | Snake:4  | XOM: noise
 27258 | Snake:4  | XOM: polymorph nagaraja -> alligator snapping turtle
 27263 | Snake:4  | XOM: noise
 27301 | Snake:4  | Noticed Donald
 27342 | Snake:4  | XOM: enchant monster (good)
 27369 | Snake:4  | XOM: butterfly on damage
 27404 | Snake:4  | Killed Donald
 27405 | Snake:4  | Reached XP level 18. HP: 86/129 MP: 9/28
 27459 | Snake:4  | XOM: enchant monster (good)
 27483 | Snake:4  | XOM: chaos upgrade
 27553 | Snake:4  | XOM: chaos upgrade
 27602 | Snake:4  | XOM: scenery: summon butterflies
 27693 | Snake:4  | XOM: swap monsters
 27789 | Snake:4  | Got a serpentine rune of Zot
 27863 | Snake:4  | XOM: summons 10 hostile demons
 27882 | Snake:4  | XOM: potion effect (brilliance)
 27886 | Snake:4  | XOM: summons friendly iron imp
 27899 | Snake:4  | XOM: chaos upgrade
 27937 | Snake:4  | XOM: 1-stop teleportation journey
 27952 | Snake:4  | XOM: 4-stop teleportation journey
 28030 | Snake:3  | XOM: scenery: summon butterflies
 28119 | Swamp:1  | Entered Level 1 of the Swamp
 28250 | Swamp:1  | XOM: noise
 28265 | Swamp:1  | XOM: 6-stop teleportation journey
 28281 | Swamp:1  | XOM: enchant monster (bad)
 28373 | Swamp:1  | XOM: polymorph swamp drake -> steam dragon
 28381 | Swamp:1  | XOM: blink monster(s)
 28515 | Swamp:1  | Got Bavijump's Volume of the Blazing Figure
 28760 | Swamp:2  | XOM: enchant monster (bad)
 28848 | Swamp:2  | XOM: divination: detect creatures
 28861 | Swamp:2  | XOM: silly message
 28869 | Swamp:2  | XOM: summons 9 hostile demons
 28880 | Swamp:2  | XOM: confuse monster(s)
 28916 | Swamp:2  | XOM: scenery: summon butterflies
 28918 | Swamp:2  | XOM: enchant monster (bad)
 28928 | Swamp:2  | XOM: silly message
 29120 | Swamp:2  | XOM: enchant monster (bad)
 29532 | Swamp:3  | XOM: cleaving
 29588 | Swamp:3  | XOM: fake destruction
 29705 | Swamp:3  | XOM: confusion (+ monsters)
 29737 | Swamp:3  | XOM: swap monsters
 29793 | Swamp:3  | XOM: 2-stop teleportation journey
 29891 | Swamp:3  | Learned a level 3 spell: Ignite Poison
 30182 | Swamp:3  | XOM: god gift: staff of poison
 30193 | Swamp:4  | Entered Level 4 of the Swamp
 30302 | Swamp:4  | XOM: draining
 30356 | Swamp:4  | XOM: summons 6 friendly demons
 30366 | Swamp:4  | Reached skill level 10 in Axes
 30378 | Swamp:4  | XOM: polymorph thorn hunter -> starflower
 30379 | Swamp:4  | XOM: potion effect (berserk rage)
 30388 | Swamp:4  | XOM: silly message
 30642 | Swamp:4  | Reached XP level 19. HP: 109/135 MP: 29/29
 30665 | Swamp:4  | XOM: silly message
 30673 | Swamp:4  | XOM: silly message
 30751 | Swamp:4  | Reached skill level 15 in Shields
 30862 | Swamp:4  | XOM: noise
 30868 | Swamp:4  | XOM: potion effect (heal wounds)
 31025 | Swamp:4  | XOM: potion effect (heal wounds)
 31046 | Swamp:4  | XOM: cast spell 'Call Canine Familiar'
 31184 | Swamp:4  | XOM: potion effect (curing)
 31193 | Swamp:4  | Gained mutation: You occasionally shout uncontrollably at
                  | your foes. [a neqoxec]
 31195 | Swamp:4  | XOM: potion effect (berserk rage)
 31261 | Swamp:4  | Got a decaying rune of Zot
 31470 | D:10     | Noticed jlumianski's ghost (journeyman DsFi)
 31491 | D:10     | Killed jlumianski's ghost
 31628 | D:13     | Reached skill level 1 in Fire Magic
 31654 | D:13     | Learned a level 5 spell: Borgnjor's Vile Clutch
 31789 | D:14     | XOM: divination: magic mapping
 31822 | Vaults:1 | Entered Level 1 of the Vaults
 32014 | Vaults:1 | XOM: fog
 32438 | Vaults:1 | XOM: give mutations
 32438 | Vaults:1 | Lost mutation: You have very sharp fingernails. [Xom's
                  | mischief]
 32438 | Vaults:1 | Lost mutation: You have a pair of large horns on your head.
                  | [Xom's mischief]
 33147 | Vaults:1 | Learned a level 2 spell: Poisonous Vapours
 33329 | Vaults:1 | XOM: swap monsters
 33339 | Vaults:1 | XOM: 2-stop teleportation journey
 33538 | Vaults:1 | Reached skill level 5 in Fire Magic
 33580 | Vaults:1 | XOM: divination: detect creatures
 33606 | Vaults:1 | XOM: summons friendly white imp
 33612 | Vaults:1 | XOM: potion effect (curing)
 33711 | Vaults:1 | XOM: confusion (+ monsters)
 34090 | Vaults:1 | XOM: potion effect (invisibility)
 34098 | Vaults:1 | XOM: potion effect (curing)
 34283 | Vaults:2 | XOM: divination: detect items
 34448 | Vaults:2 | Found a staircase to the Crypt.
 34456 | Vaults:2 | Found a transporter.
 34458 | Vaults:2 | Found a bloodstained altar of Trog.
 34477 | Vaults:2 | Noticed Irilyjoq's ghost (legendary FoFi)
 34489 | Vaults:2 | Found a transporter.
 34539 | Vaults:2 | XOM: divination: magic mapping
 34546 | Vaults:2 | XOM: smoke on damage
 34674 | Vaults:2 | XOM: potion effect (invisibility)
 34742 | Vaults:2 | Reached XP level 20. HP: 140/140 MP: 30/30
 34743 | Vaults:2 | XOM: blink monster(s)
 34752 | Vaults:2 | XOM: confuse monster(s)
 34988 | Vaults:2 | XOM: summons 13 friendly demons
 35067 | Vaults:2 | XOM: scenery: 1 doors close
 35374 | Vaults:2 | XOM: enchant monster (good)
 35377 | Vaults:2 | XOM: enchant monster (good)
 35478 | Vaults:2 | Paralysed by a sphinx for 2 turns
 35583 | Vaults:2 | XOM: fog
 35593 | Vaults:2 | Reached skill level 15 in Axes
 35731 | Vaults:2 | XOM: divination: magic mapping
 35863 | Vaults:2 | XOM: divination: detect creatures
 35900 | Vaults:2 | XOM: divination: detect items
 36026 | Vaults:2 | XOM: silly message
 36099 | Vaults:2 | XOM: noise
 36226 | Vaults:2 | XOM: silly message
 36277 | Vaults:3 | XOM: 1-stop teleportation journey
 36365 | Vaults:3 | XOM: silly message
 36378 | Vaults:3 | XOM: confuse monster(s)
 36458 | Vaults:3 | XOM: enchant monster (good)
 36604 | Vaults:3 | XOM: summons 4 hostile shadow creatures
 36718 | Vaults:3 | XOM: blink monster(s)
 36725 | Vaults:3 | XOM: enchant monster (good)
 36741 | Vaults:3 | XOM: enchant monster (good)
 36849 | Vaults:3 | XOM: destruction
 36850 | Vaults:3 | XOM: confuse monster(s)
 36957 | Vaults:3 | XOM: potion effect (invisibility)
 37038 | Vaults:3 | XOM: chaos cloud
 37043 | Vaults:3 | Paralysed by you for 5 turns
 37061 | Vaults:3 | XOM: summons friendly ufetubus
 37084 | Vaults:3 | XOM: potion effect (berserk rage)
 37105 | Vaults:3 | Reached XP level 21. HP: 146/146 MP: 15/31
 37340 | Vaults:3 | XOM: noise
 37366 | Vaults:3 | Reached skill level 10 in Dodging
 37563 | Vaults:3 | XOM: enchant monster (good)
 37736 | Vaults:3 | XOM: give mutations
 37736 | Vaults:3 | Gained mutation: You possess an exceptional clarity of
                  | mind. [Xom's grace]
 37736 | Vaults:3 | Lost mutation: You have large cloven feet. [Xom's grace]
 37736 | Vaults:3 | Gained mutation: You have sharp toenails. [Xom's grace]
 37783 | Vaults:3 | XOM: enchant monster (good)
 37883 | Vaults:3 | XOM: 1-stop teleportation journey
 37897 | Vaults:3 | XOM: polymorph great orb of eyes -> ghost moth
 37901 | Vaults:3 | XOM: smoke on damage
 38368 | Vaults:3 | Reached skill level 1 in Earth Magic
 38425 | Vaults:3 | Found the +7 lajatang of Order {silver, rMut}
 38458 | Vaults:3 | Identified the +8 rapier of Wapty {vamp, rPois Str+4}
 38499 | Vaults:3 | XOM: scenery: 1 doors close
 38561 | Vaults:3 | Identified the +7 sling of Accidental Termination {drain,
                  | Int+3}
 38736 | Vaults:4 | Found a magical portal.
 38746 | WizLab   | Entered Zonguldrok's Shrine
 38821 | Vaults:4 | Found Hoymuc's General Store.
 38842 | Vaults:4 | Bought a scroll of acquirement for 988 gold pieces
 38842 | Vaults:4 | Acquired the ring "Pikuzaakh" {*Slow Will+ Str+6 Int+7}
 38844 | Vaults:4 | Bought the amulet "Uhututze" {Regen+ rCorr} for 809 gold
                  | pieces
 38844 | Vaults:4 | Bought a potion of heal wounds for 95 gold pieces
 38864 | Vaults:4 | XOM: 2-stop teleportation journey
 38870 | Vaults:4 | XOM: summons friendly crimson imp
 38932 | Vaults:4 | XOM: polymorph crimson imp -> white imp
 38993 | Vaults:4 | XOM: confuse monster(s)
 39032 | Vaults:4 | XOM: enchant monster (good)
 39067 | Vaults:4 | XOM: summons 2 hostile shadow creatures
 39198 | Vaults:4 | XOM: 6-stop teleportation journey
 39234 | Vaults:4 | Reached skill level 5 in Earth Magic
 39241 | Vaults:4 | Found Uwuuf's Distillery.
 39247 | Vaults:4 | Bought a potion of resistance for 210 gold pieces
 39248 | Vaults:4 | Bought a potion of might for 84 gold pieces
 39248 | Vaults:4 | Bought a potion of heal wounds for 105 gold pieces
 39248 | Vaults:4 | Bought a potion of heal wounds for 105 gold pieces
 39248 | Vaults:4 | Bought a potion of invisibility for 168 gold pieces
 39248 | Vaults:4 | Bought a potion of berserk rage for 105 gold pieces
 39267 | Vaults:4 | XOM: torment (111/146 hp)
 39504 | Vaults:4 | Found Azxism's Distillery.
 39523 | Vaults:4 | XOM: summons 3 hostile demons
 40409 | Elf:1    | Entered Level 1 of the Elven Halls
 40506 | Elf:1    | XOM: fake destruction
 40601 | Elf:1    | XOM: scenery: 1 doors open, 2 doors close
 40645 | Elf:1    | XOM: cloud trail
 40722 | Elf:1    | XOM: scenery: 2 doors close
 40793 | Elf:1    | XOM: summons 3 friendly demons
 40953 | Elf:1    | XOM: 1-stop teleportation journey
 40966 | Elf:1    | Reached XP level 22. HP: 150/151 MP: 29/32
 41023 | Elf:1    | XOM: blink monster(s)
 41148 | Elf:1    | XOM: potion effect (might)
 41154 | Elf:1    | XOM: potion effect (brilliance)
 41351 | Elf:1    | You are sucked into a shaft and drop 1 floor!
 41416 | Elf:2    | Found a runed translucent gate.
 41416 | Elf:2    | Found a runed translucent gate.
 41417 | Elf:2    | Found a runed translucent gate.
 41420 | Elf:2    | XOM: divination: magic mapping
 41440 | Elf:2    | Reached skill level 10 in Earth Magic
 41478 | Elf:2    | Paralysed by an air elemental for 1 turns
 41482 | Elf:2    | XOM: cast spell 'Metabolic Englaciation'
 41488 | Elf:2    | Paralysed by an air elemental for 1 turns
 41556 | Elf:2    | Learned a level 5 spell: Lee's Rapid Deconstruction
 41576 | Elf:2    | Found a crumbling gateway.
 41580 | Desolati | Entered the Desolation of Salt
 41582 | Desolati | XOM: silly message
 41594 | Desolati | XOM: cast spell 'Call Canine Familiar'
 41596 | Desolati | Identified the ring "Jyshoc" {rElec rC- rCorr Str+6}
 41647 | Desolati | XOM: scenery: create altars
 41683 | Desolati | Identified the amulet "Nirosesm" {Reflect Will+ SH+5}
 41693 | Desolati | Identified the ring "Vusodikk" {Int+3 Dex+6 Stlth+}
 41696 | Desolati | Identified the ring "Cuipp" {rC+ rCorr Dex+3 SInv}
 41809 | Desolati | XOM: confuse monster(s)
 41911 | Desolati | XOM: potion effect (haste)
 41913 | Desolati | XOM: enchant monster (good)
 41925 | Desolati | XOM: give mutation
 41925 | Desolati | Lost mutation: You possess an exceptional clarity of mind.
                  | [Xom's mischief]
 41930 | Desolati | Identified the ring "Deckeanu" {rElec rCorr}
 41937 | Desolati | XOM: enchant monster (good)
 41971 | Desolati | Identified the ring of Vampiric Thralls {rPois rN+ Int+2
                  | Slay+3}
 41976 | Desolati | XOM: divination: detect items
 42050 | Desolati | Identified the +1 leather armour of the Accordion {rElec
                  | Regen+}
 42056 | Desolati | Got the Dissertation on the Fiery Iceberg
 42061 | Desolati | Got the Teachings on Baleful Transformation
 42242 | Desolati | XOM: confuse monster(s)
 42483 | Elf:1    | XOM: blink monster(s)
 42487 | Elf:1    | Reached skill level 1 in Necromancy
 42489 | Elf:1    | Reached skill level 1 in Conjurations
 42605 | Elf:1    | Found Gedaa's Assorted Antiques.
 42614 | Elf:1    | Bought a scroll of magic mapping for 172 gold pieces
 42614 | Elf:1    | Bought a scroll of enchant weapon for 172 gold pieces
 42614 | Elf:1    | Bought a scroll of enchant weapon for 172 gold pieces
 42744 | Elf:2    | Found Lanwott's Jewellery Emporium.
 42974 | Elf:2    | XOM: 4-stop teleportation journey
 43061 | Elf:2    | Upgraded the game from 0.30-a0-374-g95c0257040 to
                  | 0.30-a0-377-g5cb311bc9f
 43547 | Elf:2    | XOM: give mutations
 43547 | Elf:2    | Lost mutation: You have supernaturally acute eyesight.
                  | (SInv) [Xom's mischief]
 43547 | Elf:2    | Lost mutation: You have sharp toenails. [Xom's mischief]
 43547 | Elf:2    | Lost mutation: You passively map a small area around you.
                  | [Xom's mischief]
 43547 | Elf:2    | Gained mutation: Armour fits poorly on your strangely
                  | shaped body. [Xom's mischief]
 43596 | Elf:3    | Entered Level 3 of the Elven Halls
 43696 | Elf:3    | Found Deacuwn's Armour Boutique.
 43740 | Elf:3    | XOM: 1-stop teleportation journey
 43784 | Elf:3    | XOM: 2-stop teleportation journey
 43815 | Elf:3    | Identified the ring "Ceashan" {rElec rC- Will++ EV+4}
 43880 | Elf:3    | XOM: enchant monster (good)
 43888 | Elf:3    | Reached XP level 23. HP: 138/156 MP: 33/33
 43986 | Elf:3    | XOM: fog
 43995 | Elf:3    | Reached skill level 5 in Necromancy
 44007 | Elf:3    | XOM: scenery: create altars
 44054 | Elf:3    | XOM: enchant monster (good)
 44064 | Elf:3    | XOM: cast spell 'Summon Cactus Giant'
 44140 | Elf:3    | Reached skill level 5 in Conjurations
 44144 | Elf:3    | XOM: summons friendly ice devil
 44145 | Elf:3    | XOM: polymorph deep elf elementalist -> deep elf
                  | elementalist
 44152 | Elf:3    | XOM: scenery: create altars
 44316 | Elf:3    | Identified the +9 short sword of Chaos {venom, rCorr Str+3
                  | Int+4 Dex-2}
 44359 | Elf:3    | Identified the ring "Erekay" {AC+4 Int+3 Dex+4}
 44370 | Elf:3    | Identified the amulet of the Crown {Acrobat Contam Drain
                  | Int+10 Stlth+}
 44379 | Elf:3    | XOM: summons friendly iron imp
 44398 | Elf:3    | XOM: divination: detect items
 44536 | Elf:3    | Found the +8 storm bow {elec, penet}
 44801 | Elf:3    | Found a radiant altar of Vehumet.
 44807 | Elf:3    | XOM: scenery: create altars
 44810 | Elf:3    | XOM: god gift: wand of paralysis (8)
 44964 | Elf:3    | XOM: scenery: create altars
 45020 | Elf:3    | Bought a +1 pair of gloves of strength for 280 gold pieces
 45379 | Crypt:1  | Entered Level 1 of the Crypt
 45405 | Crypt:1  | XOM: fog
 45535 | Crypt:1  | XOM: summons friendly sun demon
 45664 | Crypt:1  | XOM: summons friendly sun demon
 45824 | Crypt:1  | Found an ancient bone altar of Kikubaaqudgha.
 46085 | Crypt:1  | XOM: 1-stop teleportation journey
 46145 | Crypt:1  | XOM: god gift: potion of attraction
 46237 | Crypt:1  | XOM: noise
 46400 | Crypt:1  | XOM: enchant monster (bad)
 46432 | Crypt:1  | Found a basalt altar of Yredelemnul.
 46606 | Crypt:1  | XOM: divination: detect items
 46835 | Crypt:2  | XOM: cast spell 'Metabolic Englaciation'
 47353 | Crypt:2  | XOM: silly message
 47381 | Crypt:2  | XOM: scenery: create altars
 47444 | Crypt:2  | XOM: cloud trail
 47706 | Crypt:2  | XOM: enchant monster (good)
 47794 | Crypt:2  | Identified the +7 sling of Scorn {drain, Will++ Int-3
                  | Stlth+}
 48003 | Crypt:2  | XOM: silly message
 48075 | Crypt:2  | XOM: give mutations
 48075 | Crypt:2  | Lost mutation: You are agile. (Dex +4, Str/Int -1) [Xom's
                  | mischief]
 48075 | Crypt:2  | Gained mutation: Your skin changes colour to match your
                  | surroundings (Stealth+). [Xom's mischief]
 48075 | Crypt:2  | Lost mutation: You occasionally shout uncontrollably at
                  | your foes. [Xom's mischief]
 48075 | Crypt:2  | Lost mutation: You expend magic power (3 MP) to strengthen
                  | your wands. [Xom's mischief]
 48339 | Crypt:2  | XOM: silly message
 48343 | Crypt:2  | XOM: stat loss: -1 Str (23/24)
 48362 | Crypt:2  | Noticed a royal mummy
 48654 | Crypt:2  | XOM: cast spell 'Metabolic Englaciation'
 48655 | Crypt:2  | XOM: summons friendly crimson imp
 48656 | Crypt:2  | XOM: swap monsters
 48675 | Crypt:2  | Killed a royal mummy
 48681 | Crypt:2  | Reached XP level 24. HP: 104/163 MP: 28/33
 48723 | Crypt:2  | XOM: summons 4 hostile shadow creatures
 48932 | Crypt:2  | XOM: give mutations
 48932 | Crypt:2  | Gained mutation: Your magical capacity is low. (-10% MP)
                  | [Xom's mischief]
 48932 | Crypt:2  | Lost mutation: You have sharp fingernails. [Xom's mischief]
 48932 | Crypt:2  | Lost mutation: Your magical capacity is low. (-10% MP)
                  | [Xom's mischief]
 48932 | Crypt:2  | Gained mutation: You are clumsy. (Dex -2) [Xom's mischief]
 49051 | Crypt:3  | Entered Level 3 of the Crypt
 49121 | Crypt:3  | XOM: enchant monster (bad)
 49190 | Crypt:3  | Found a staircase to the Tomb.
 49322 | Crypt:3  | Reached skill level 1 in Evocations
 49384 | Crypt:3  | XOM: silly message
 49428 | Crypt:3  | XOM: summons friendly ufetubus
 49429 | Crypt:3  | XOM: swap monsters
 49438 | Crypt:3  | XOM: confuse monster(s)
 49457 | Crypt:3  | XOM: fog
 49463 | Crypt:3  | XOM: destruction
 49522 | Crypt:3  | XOM: god gift: chain mail {god gift}
 49650 | Crypt:3  | XOM: give mutations
 49650 | Crypt:3  | Lost mutation: You are clumsy. (Dex -2) [Xom's grace]
 49650 | Crypt:3  | Gained mutation: You possess an exceptional clarity of
                  | mind. [Xom's grace]
 49650 | Crypt:3  | Gained mutation: You have a pair of large horns on your
                  | head. [Xom's grace]
 49911 | Crypt:3  | Reached skill level 5 in Evocations
 49993 | Crypt:3  | XOM: fog
 50076 | Crypt:3  | XOM: give mutations
 50076 | Crypt:3  | Gained mutation: You are strong-willed. (Will+) [Xom's
                  | grace]
 50076 | Crypt:3  | Gained mutation: You are covered in fur. (AC +1) [Xom's
                  | grace]
 50105 | Crypt:3  | Found a basalt altar of Yredelemnul.
 50276 | Crypt:3  | XOM: scenery: 3 doors close
 50280 | Crypt:3  | Identified the +5 scale mail of Ryfiwug {rF+ Slay+6 SInv
                  | Stlth+}
 50617 | Crypt:3  | XOM: give mutations
 50617 | Crypt:3  | Gained mutation: You have sharp toenails. [Xom's grace]
 50617 | Crypt:3  | Gained mutation: Your mind is very acute. (Int +8, Str/Dex
                  | -2) [Xom's grace]
 50692 | Crypt:3  | XOM: give mutation
 50692 | Crypt:3  | Gained mutation: Your natural rate of healing is unusually
                  | fast. [Xom's grace]
 50813 | Crypt:3  | Noticed Jory
 50817 | Crypt:3  | XOM: summons friendly hellwing
 50821 | Crypt:3  | Killed Jory
 50833 | Crypt:3  | Identified the amulet "Pekett" {Spirit rElec rF+ Slay+3
                  | SInv}
 50852 | Crypt:3  | Identified the ring of Wuame {rF+ Will+ AC+4}
 50982 | Crypt:1  | XOM: cloud trail
 51068 | Vaults:5 | Entered Level 5 of the Vaults
 51073 | Vaults:5 | Reached skill level 5 in Summonings
 51103 | Vaults:5 | XOM: fog
 51217 | Vaults:5 | Found Udaunn's Magic Scroll Boutique.
 51228 | Vaults:5 | Found Toimuaz's Magic Scroll Shop.
 51231 | Vaults:5 | Noticed a dread lich
 51232 | Vaults:5 | Noticed a dread lich
 51237 | Vaults:5 | XOM: summons 3 friendly demons
 51243 | Vaults:5 | Killed a dread lich
 51244 | Vaults:5 | Killed a dread lich
 51269 | Vaults:5 | Got a silver rune of Zot
 51367 | Vaults:5 | XOM: divine lightning
 51389 | Vaults:5 | XOM: potion effect (curing)
 51419 | Vaults:5 | Reached skill level 10 in Evocations
 51422 | Vaults:5 | Reached XP level 25. HP: 168/168 MP: 33/33
 51467 | Vaults:5 | XOM: scenery: create altars
 51468 | Vaults:5 | XOM: cleaving
 51484 | Vaults:5 | XOM: enchant monster (good)
 51485 | Vaults:5 | Reached skill level 10 in Summonings
 51495 | Vaults:5 | XOM: fog
 51530 | Vaults:5 | Identified the +6 whip "Liycam" {speed, Will+ Int+4}
 51616 | Vaults:5 | XOM: confuse monster(s)
 51622 | Vaults:5 | Identified the ring "Netrej" {rElec rN+ rCorr}
 51640 | Vaults:5 | XOM: summons 5 friendly demons
 51772 | Vaults:5 | Found Jiusod's Jewellery Shoppe.
 52082 | Vaults:5 | Noticed a dread lich
 52094 | Vaults:5 | XOM: cast spell 'Summon Small Mammal'
 52098 | Vaults:5 | Killed a dread lich
 52454 | Vaults:5 | XOM: cloud trail
 52503 | Vaults:5 | XOM: give mutations
 52503 | Vaults:5 | Gained mutation: You have sharp fingernails. [Xom's grace]
 52503 | Vaults:5 | Gained mutation: You heal very quickly. [Xom's grace]
 52655 | Vaults:5 | XOM: cloud trail
 52669 | Vaults:5 | XOM: give mutations
 52669 | Vaults:5 | Lost mutation: You have sharp toenails. [Xom's mischief]
 52669 | Vaults:5 | Lost mutation: Your skin changes colour to match your
                  | surroundings (Stealth+). [Xom's mischief]
 52669 | Vaults:5 | Lost mutation: You are strong-willed. (Will+) [Xom's
                  | mischief]
 52719 | Vaults:5 | Bought a scroll of fear for 84 gold pieces
 52719 | Vaults:5 | Bought a scroll of magic mapping for 157 gold pieces
 52719 | Vaults:5 | Bought a scroll of silence for 199 gold pieces
 52719 | Vaults:5 | Bought a scroll of poison for 84 gold pieces
 52719 | Vaults:5 | Bought a scroll of fear for 84 gold pieces
 52719 | Vaults:5 | Bought a scroll of fog for 84 gold pieces
 52733 | Vaults:5 | Bought a scroll of noise for 21 gold pieces
 52733 | Vaults:5 | Bought a scroll of teleportation for 63 gold pieces
 52733 | Vaults:5 | Bought a scroll of immolation for 84 gold pieces
 52733 | Vaults:5 | Bought a scroll of immolation for 84 gold pieces
 52733 | Vaults:5 | Bought a scroll of immolation for 84 gold pieces
 52880 | D:15     | Entered Level 15 of the Dungeon
 52896 | D:15     | Noticed Kirke
 52896 | D:15     | XOM: 4-stop teleportation journey
 52906 | D:15     | Killed Kirke
 52927 | D:15     | Noticed Roxanne
 52942 | D:15     | Found Oreim's Vocational Training.
 53098 | D:15     | Noticed Jorgrun
 53101 | D:15     | Killed Jorgrun
 53212 | D:15     | Found a snail-covered altar of Cheibriados.
 53212 | D:15     | Found Cheibriados's Comfort Zone.
 53223 | D:15     | Found Had Vor's Weapon Boutique.
 53405 | D:15     | Found a staircase to the Depths.
 53466 | D:15     | XOM is BORED!
 53558 | D:15     | XOM: summons 9 hostile demons
 53747 | Depths:1 | Entered Level 1 of the Depths
 53809 | Depths:1 | Found Macerhun's Jewellery Emporium.
 53811 | Depths:1 | Found Kettoydu's Book Shoppe.
 53814 | Depths:1 | Found Haejitom's General Store.
 53821 | Depths:1 | Bought a scroll of magic mapping for 142 gold pieces
 53870 | Depths:1 | XOM: noise
 53934 | Depths:1 | Found a hazy altar of Hepliaklqana.
 53999 | Depths:1 | XOM: noise
 54002 | Depths:1 | XOM: enchant monster (bad)
 54142 | Depths:1 | Found a gateway to Hell.
 54445 | Depths:2 | XOM: silly message
 54457 | Depths:2 | Identified the amulet "Besivafu" {Reflect -Tele rC- Regen+
                  | SH+5 SInv}
 54521 | Depths:2 | XOM: noise
 54579 | Depths:2 | XOM: cast spell 'Leda's Liquefaction'
 54594 | Depths:2 | Noticed an ancient lich
 54604 | Depths:2 | XOM: potion effect (haste)
 54607 | Depths:2 | Reached skill level 15 in Summonings
 54616 | Depths:2 | Killed an ancient lich
 54649 | Depths:2 | Reached XP level 26. HP: 142/168 MP: 33/33
 54721 | Depths:2 | Got the Incunabulum of Wicked Liturgies
 54794 | Depths:2 | XOM: cast spell 'Summon Ice Beast'
 54808 | Depths:2 | XOM: cast spell 'Summon Small Mammal'
 54936 | Depths:2 | XOM: enchant monster (bad)
 54937 | Depths:2 | XOM: scenery: summon butterflies
 55047 | Depths:2 | Found a one-way gate leading to the halls of Pandemonium.
 55048 | Depths:2 | XOM: enchant monster (good)
 55202 | Depths:3 | Found a runed translucent door.
 55223 | Depths:3 | Paralysed by an air elemental for 1 turns
 55228 | Depths:3 | Paralysed by an air elemental for 1 turns
 55430 | Depths:3 | XOM: cleaving
 55433 | Depths:3 | XOM: potion effect (brilliance)
 55457 | Depths:3 | XOM: destruction
 55460 | Depths:3 | XOM: polymorph sun demon -> soul eater
 55544 | Depths:3 | XOM: enchant monster (good)
 55572 | Depths:3 | Paralysed by a floating eye for 3 turns
 55634 | Depths:3 | Found a one-way gateway to a ziggurat.
 55657 | Depths:3 | Found a one-way gate to the infinite horrors of the Abyss.
 55708 | Depths:3 | XOM: enchant monster (good)
 55713 | Depths:3 | XOM: stat loss: -1 Int (20/21)
 55726 | Depths:3 | XOM: smoke on damage
 55795 | Depths:4 | Entered Level 4 of the Depths
 55835 | Depths:4 | Identified the +2 flail "Jamen" {distort, *Corrode Fly
                  | rElec rPois}
 55920 | Depths:4 | XOM: 2-stop teleportation journey
 55932 | Depths:4 | Found Qynk's Assorted Antiques.
 55932 | Depths:4 | XOM: 1-stop teleportation journey
 55951 | Depths:4 | XOM: cleaving
 55957 | Depths:4 | XOM: fog
 55978 | Depths:4 | Bought a scroll of teleportation for 105 gold pieces
 55978 | Depths:4 | Bought a potion of magic for 280 gold pieces
 56142 | Depths:4 | Noticed Margery
 56156 | Depths:4 | Reached skill level 10 in Conjurations
 56166 | Depths:4 | Killed Margery
 56167 | Depths:4 | Reached skill level 10 in Spellcasting
 56194 | Depths:4 | Found Nobupotipp's Magic Scroll Shop.
 56202 | Depths:4 | Bought a scroll of fog for 52 gold pieces
 56202 | Depths:4 | Bought a scroll of magic mapping for 97 gold pieces
 56202 | Depths:4 | Bought a scroll of summoning for 123 gold pieces
 56202 | Depths:4 | Bought a scroll of blinking for 97 gold pieces
 56221 | Depths:4 | Noticed a juggernaut
 56222 | Depths:4 | XOM: divination: detect items
 56230 | Depths:4 | XOM: summons 5 friendly demons
 56241 | Depths:4 | XOM: butterfly on damage
 56246 | Depths:4 | Killed a juggernaut
 56247 | Depths:4 | XOM: give mutations
 56247 | Depths:4 | Lost mutation: Your movements are slightly less encumbered
                  | by armour. (ER -2) [Xom's mischief]
 56247 | Depths:4 | Lost mutation: Your mind is very acute. (Int +8, Str/Dex
                  | -2) [Xom's mischief]
 56247 | Depths:4 | Lost mutation: You are partially covered in iridescent
                  | scales. (AC +2) [Xom's mischief]
 56691 | Depths:4 | XOM: cast spell 'Death Channel'
 56743 | Depths:4 | Found a gate to the Realm of Zot.
 56749 | Zot:1    | Entered Level 1 of the Realm of Zot
 56766 | Zot:1    | XOM: fog
 56778 | Zot:1    | XOM: summons 6 friendly demons
 56854 | Zot:1    | XOM: 3-stop teleportation journey
 56880 | Zot:1    | Reached XP level 27. HP: 147/179 MP: 38/38
 56958 | Zot:1    | XOM: enchant monster (bad)
 57093 | Zot:1    | Learned a level 7 spell: Spellforged Servitor
 57100 | Zot:1    | Learned a level 6 spell: Iron Shot
 57503 | Zot:2    | XOM: potion effect (haste)
 57572 | Zot:2    | XOM: potion effect (berserk rage)
 58161 | Zot:2    | XOM: 1-stop teleportation journey
 58407 | Zot:2    | Identified the ring "Kesiuxou" {Ice Will+}
 58407 | Zot:2    | Noticed Josephina
 58619 | Zot:2    | XOM: summons 11 hostile demons
 58675 | Zot:2    | XOM: stat loss: -1 Str (23/24)
 58678 | Zot:2    | Killed Josephina
 58760 | Zot:3    | XOM: swap monsters
 58801 | Zot:3    | XOM: chaos upgrade
 58818 | Zot:3    | XOM: enchant monster (bad)
 58822 | Zot:3    | XOM: swap monsters
 58911 | Zot:3    | XOM: give mutations
 58911 | Zot:3    | Lost mutation: Your mind is acute. (Int +4, Str/Dex -1)
                  | [Xom's mischief]
 58911 | Zot:3    | Lost mutation: You have a pair of large horns on your head.
                  | [Xom's mischief]
 58996 | Zot:3    | XOM: noise
 59010 | Zot:3    | XOM: enchant monster (bad)
 59457 | Zot:3    | XOM: give mutations
 59457 | Zot:3    | Lost mutation: You possess an exceptional clarity of mind.
                  | [Xom's mischief]
 59457 | Zot:3    | Gained mutation: You sometimes lose your temper in combat.
                  | [Xom's mischief]
 59457 | Zot:3    | Lost mutation: Your flesh is very cold resistant. (rC++)
                  | [Xom's mischief]
 59625 | Zot:3    | XOM: enchant monster (bad)
 59724 | Zot:3    | Found the +6 arbalest "Damnation" {damnation}
 59932 | Zot:3    | XOM: torment (140/179 hp)
 60072 | Zot:4    | XOM: 1-stop teleportation journey
 60144 | Zot:4    | XOM: noise
 60352 | Zot:4    | Reached skill level 15 in Conjurations
 60459 | Zot:4    | XOM: confusion
 60470 | Zot:4    | XOM: enchant monster (bad)
 60578 | Zot:4    | XOM: cleaving
 60579 | Zot:4    | Reached skill level 1 in Throwing
 60581 | Zot:4    | Found the +4 dragonskin cloak
 60581 | Zot:4    | Identified the amulet of Uwoilase {Spirit +Blink rElec
                  | Str+3}
 60581 | Zot:4    | Noticed Tiamat
 60591 | Zot:4    | XOM: scenery: create altars
 60613 | Zot:4    | XOM: fake destruction
 60618 | Zot:4    | Killed Tiamat
 60926 | Zot:4    | XOM: god gift: +0 morningstar of chaos
 61102 | Zot:4    | Gained mutation: You are vulnerable to heat. (rF-)
                  | [mutagenic glow]
 61112 | Zot:4    | XOM: polymorph green draconian -> death yak
 61112 | Zot:4    | Gained mutation: Your spells are a little easier to cast,
                  | but a little less powerful. [mutagenic glow]
 61116 | Zot:4    | XOM: smoke on damage
 61133 | Zot:4    | Gained mutation: You occasionally lose the ability to drink
                  | potions when taking damage. [mutagenic glow]
 61170 | Zot:4    | Lost mutation: Armour fits poorly on your strangely shaped
                  | body. [potion of mutation]
 61170 | Zot:4    | Lost mutation: You sometimes lose your temper in combat.
                  | [potion of mutation]
 61170 | Zot:4    | Lost mutation: Your flesh is cold resistant. (rC+) [potion
                  | of mutation]
 61170 | Zot:4    | Gained mutation: You are weak. (Str -2) [potion of
                  | mutation]
 61170 | Zot:4    | Gained mutation: You expend magic power (3 MP) to
                  | strengthen your wands. [potion of mutation]
 61171 | Zot:4    | Lost mutation: You occasionally lose the ability to drink
                  | potions when taking damage. [potion of mutation]
 61171 | Zot:4    | Lost mutation: You are covered in fur. (AC +1) [potion of
                  | mutation]
 61201 | Zot:4    | Reached skill level 5 in Throwing
 61548 | Zot:4    | XOM: god gift: stone
 61552 | Zot:4    | XOM: summons 2 friendly demons
 61658 | Zot:4    | XOM: scenery: 2 doors close
 61707 | Zot:5    | Entered Level 5 of the Realm of Zot
 61739 | Zot:5    | XOM: summons 16 friendly demons
 61902 | Zot:5    | XOM: confusion
 62112 | Zot:5    | XOM: confusion (+ monsters)
 62358 | Zot:5    | XOM: confusion (+ monsters)
 62359 | Zot:5    | Noticed an ancient lich
 62366 | Zot:5    | XOM: blink monster(s)
 62381 | Zot:5    | Noticed a dread lich
 62381 | Zot:5    | XOM: 5-stop teleportation journey
 62390 | Zot:5    | XOM: chaos upgrade
 62394 | Zot:5    | Noticed an orb of fire
 62395 | Zot:5    | XOM: confuse monster(s)
 62401 | Zot:5    | Killed a dread lich
 62402 | Zot:5    | Reached skill level 10 in Throwing
 62402 | Zot:5    | XOM: swap monsters
 62468 | Zot:5    | XOM: noise
 62471 | Zot:5    | XOM: summons friendly ufetubus
 62483 | Zot:5    | Killed an ancient lich
 62487 | Zot:5    | Gained mutation: Your body sometimes deteriorates upon
                  | taking damage. [an orb of fire]
 62488 | Zot:5    | Killed an orb of fire
 62586 | Zot:5    | XOM: enchant monster (good)
 62652 | Zot:5    | XOM: cleaving
 62678 | Zot:5    | Noticed an orb of fire
 62684 | Zot:5    | Gained mutation: Armour fits poorly on your strangely
                  | shaped body. [an orb of fire]
 62687 | Zot:5    | Gained mutation: You occasionally shout uncontrollably at
                  | your foes. [an orb of fire]
 62697 | Zot:5    | XOM: summons 4 friendly demons
 62700 | Zot:5    | Gained mutation: You frequently scream uncontrollably at
                  | your foes. [an orb of fire]
 62703 | Zot:5    | Killed an orb of fire
 62707 | Zot:5    | XOM: cast spell 'Summon Horrible Things'
 62730 | Zot:5    | Lost mutation: You passively dampen the noise of your
                  | surroundings. [potion of mutation]
 62730 | Zot:5    | Lost mutation: You are vulnerable to heat. (rF-) [potion of
                  | mutation]
 62730 | Zot:5    | Lost mutation: You expend magic power (3 MP) to strengthen
                  | your wands. [potion of mutation]
 62730 | Zot:5    | Gained mutation: You sometimes lose your temper in combat.
                  | [potion of mutation]
 62730 | Zot:5    | Gained mutation: You have a somewhat thin skeletal
                  | structure. (Dex +2, Stealth+) [potion of mutation]
 62731 | Zot:5    | Lost mutation: You are weak. (Str -2) [potion of mutation]
 62731 | Zot:5    | Lost mutation: You have a somewhat thin skeletal structure.
                  | (Dex +2, Stealth+) [potion of mutation]
 62731 | Zot:5    | Lost mutation: Armour fits poorly on your strangely shaped
                  | body. [potion of mutation]
 62731 | Zot:5    | Lost mutation: You sometimes lose your temper in combat.
                  | [potion of mutation]
 62731 | Zot:5    | Gained mutation: You have supernaturally acute eyesight.
                  | (SInv) [potion of mutation]
 62733 | Zot:5    | XOM: destruction
 62745 | Zot:5    | Noticed a dread lich
 62747 | Zot:5    | Noticed an ancient lich
 62753 | Zot:5    | XOM: destruction
 62757 | Zot:5    | Killed an ancient lich
 62766 | Zot:5    | Killed a dread lich
 62858 | Zot:5    | XOM: god gift: wand of digging (4)
 63020 | Zot:5    | XOM: summons 2 hostile shadow creatures
 63049 | Zot:5    | Got the Orb of Zot
 63110 | Zot:5    | XOM: noise
 63112 | Zot:5    | XOM: divination: detect creatures
 63244 | Zot:2    | XOM: silly message
 63371 | Depths:4 | XOM: potion effect (might)
 63473 | Depths:1 | Noticed a seraph
 63474 | Depths:1 | Identified the +1 buckler of Mokotin {rPois rF+ Int-3}
 63480 | Depths:1 | XOM: summons friendly quasit
 63481 | Depths:1 | Killed a seraph
 63527 | D:15     | XOM: polymorph balrug -> lorocyproca
 63529 | D:15     | XOM: summons 2 friendly demons
 63539 | D:15     | Reached skill level 15 in Throwing
 63582 | D:12     | Noticed Refol the pandemonium lord
 63632 | D:10     | XOM: silly message
 63673 | D:7      | XOM: god gift: shortbow {god gift}
 63719 | D:6      | XOM: scenery: summon butterflies
 63852 | D:$      | Escaped with the Orb!

Illustrated notes

Levels and vault maps discovered:
D:1:      dpeg_arrival_short_road, layout_loops_ring,
          shapermc_ecumenical_altar_notcrosses, minmay_misc_feat_ornament,
          glass_columns_a
D:2:      layout_rooms, serial_bayou, serial_bayou_pond_d, serial_bayou_pond_d,
          serial_bayou_pond_c, serial_bayou_pond_a, serial_bayou_pond_d,
          serial_bayou_pond_d, minmay_tromino_v4_c
D:3:      layout_basic, gup_sewer_entry_bowl, serial_shops, shop_fountains,
          nrook_mini_vaults
D:4:      layout_basic, kennysheep_minor_cross
D:5:      layout_loops_ring, minmay_shop_damaged, minivault_1, uniq_edmund
D:6:      layout_cave_pods, minmay_temple_entry_grid
D:7:      layout_basic, nrook_loot_triangle, grunt_decor_cap,
          uniq_prince_ribbit1
D:8:      layout_loops_ring, enter_bailey_4, wad_floor_pattern_untrapped,
          chequers_serial_rivers_micro_b, uniq_grum
D:9:      layout_basic, erik_lair_island
D:10:     layout_roguey, nicolae_ru_awakened_eye, david_orc_3,
          ebering_ghost_reflecting_pool, glass_columns_b
D:11:     minmay_polygon_palace, layout_loops_ring,
          minmay_mirror_moons_of_madness
D:12:     layout_loops_corners, minmay_lindwurm_lava
D:13:     due_chaos_kobolds, layout_basic, minivault_26
D:14:     layout_irregular_city, lightli_vaults_fourway_checkpoint
D:15:     hangedman_depths_entry_try_elsewhere_first, layout_stronghold,
          nicolae_figureground_sparkle, serial_shops, shop, grunt_ministairs_11,
          minmay_shop_chei, nicolae_shop_vocational, uniq_kirke, uniq_roxanne,
          uniq_jorgrun
Lair:1:   layout_roguey [special_room_bee], grunt_megastairs_1,
          serial_bayou_shore_a
Lair:2:   layout_chaotic_city, swamp_mist_pool, minivault_25,
          lemuel_fruit_fields, grunt_megastairs_3
Lair:3:   layout_roguey, guppyfry_snake_entry_island, uniq_nergalle,
          uniq_gastronok
Lair:4:   layout_gridlike
Lair:5:   hangedman_lair_caniforms_friends, layout_cellular_growth,
          slime_entry_1
Swamp:1:  layout_basic_swamp, nicolae_swamp_oxbows, swamp_pool5
Swamp:2:  layout_basic_swamp, nicolae_swamp_feature_on_the_river_bank,
          swamp_pool2, nicolae_swamp_dense_foliage
Swamp:3:  layout_basic_swamp, evilmike_swamp_ruin_house_2, swamp_pool1
Swamp:4:  nzn_swamp_witches_coven, layout_basic_swamp
Snake:1:  layout_grid_shapes, serial_shops, nicolae_shop_hallway_plus,
          nicolae_snake_storage_room, uniq_aizul
Snake:2:  layout_cave_town, minmay_shop_grove, uniq_asterion, uniq_vashnia
Snake:3:  layout_layer_cave, serial_bayou_lake_a, serial_bayou_shore_b,
          grunt_megastairs_5, lemuel_fruit_tree
Snake:4:  grunt_snake_rune_spirals, layout_onion_interference, uniq_donald,
          uniq_mara
Orc:1:    layout_caves, mines_bat_river, uniq_sonja
Orc:2:    st_orc_mages, layout_caves, uniq_maurice
Elf:1:    eino_elf_arrival_the_gate, layout_gridlike, serial_shops,
          nicolae_shop_overgrown_old_shop, hangedman_elf_disciples
Elf:2:    nicolae_elf_blades_crystal_corner, layout_geoelf_grid,
          portal_desolation_entry_nicolae_forbidding_blocks, serial_shops,
          nicolae_shop_advertising_works [nicolae_subvault_shop_adworks]
Elf:3:    grunt_elf_hall_spiral, layout_rooms, serial_shops, shop, basic_altar
Vaults:1: nicolae_vaults_little_squares_1, nicolae_vaults_little_squares_1,
          v_rooms_3, nicolae_vaults_network_square,
          vaults_mumra_minichess_inversion, nicolae_vaults_what_the_h,
          vaults_room_hallway, layout_vaults_omnigrid
Vaults:2: gammafunk_ghost_wrathful_warriors, vaults_room_octagon,
          grunt_vaults_twisty, v_misc_24, v_misc_27,
          nicolae_vaults_mini_display_case, nicolae_vaults_yaktaur_gun_rack,
          hangedman_vaults_trim, vaults_mumra_hexcomb,
          layout_vaults_chaotic_city
Vaults:3: grunt_vaults_diagonal, st_greater_box_2, v_rooms_6,
          hangedman_vaults_slice, nicolae_vaults_theta, v_misc_30,
          vaults_room_stairs_pillars, vaults_standard_mumra_lines,
          vaults_mumra_chevron_long, nicolae_vaults_alarming,
          dpeg_vaults_monster_box, layout_vaults_omnibox, serial_glass
Vaults:4: mu_enter_wizlab_1, nicolae_vaults_puzzle_piece,
          hangedman_vaults_stretched_pinwheel, hangedman_vaults_impose,
          vaults_room_corners, nicolae_vaults_hallways_thing, st_squares,
          vaults_room_grid, v_misc_15, ontoclasm_vaults_loading_screen,
          v_misc_24, v_rooms_4, layout_vaults_big_cross, serial_shops,
          nicolae_square_shop, shop, nicolae_shop_trees
Vaults:5: serial_shops
Crypt:1:  layout_chaotic_city, hangedman_crypt_dual_shrines,
          grunt_crypt_arrival_split
Crypt:2:  lemuel_minitomb, layout_misc_corridors
Crypt:3:  due_elkab, layout_chaotic_city, basic_altar, palyth_stone_intersect
Depths:1: layout_forbidden_donut, serial_glass, glass_columns_a,
          glass_columns_b, feat_on_display, feat_on_display, item_on_display_a,
          due_unseen_surprise, hell_entry, nicolae_hepliaklqana_hippocampus,
          amcnicky_mini_pool_medium, minmay_shop_star
Depths:2: nicolae_whirlpool, layout_cave_pools, lightli_too_deep, special_room
          [special_room_morgue], grunt_pan_entry_in_and_out, hex_tiny,
          infiniplex_staircase_zigzag_2
Depths:3: lemuel_flame_loot_2, layout_basic, enter_ziggurat_d, hellmouth_3,
          abyss_entry_crystal, hangedman_aerie_drop
Depths:4: evilmike_zot_entry_hall, layout_honeycomb, wad_floor_pattern_1,
          rand_demon_pan_entry_9, hell_entry, serial_shops, shop, shop,
          serial_co_window_serial, co_window_corner_a, co_window_paths_b,
          co_window_paths_a, co_window_paths_b, co_window_paths_a,
          co_window_cross_1, co_window_corner_a, co_window_broadway_a,
          co_window_corner_b, co_window_paths_d, glass_columns_a,
          glass_columns_c, glass_columns_b, glass_columns_a, glass_columns_a,
          uniq_margery
Zot:1:    layout_concentric_octagons
Zot:2:    layout_concentric_octagons, uniq_josephina
Zot:3:    grunt_twist_and_shout, layout_concentric_octagons
Zot:4:    layout_gridlike, st_grand_hoard_of_tiamat
Zot:5:    layout_basic

Skill      XL: |  1  2  3  4  5  6  7  8  9 10 11 12 13 14 15 16 17 18 19 20 21 22 23 24 25 26 27 |
---------------+----------------------------------------------------------------------------------+-----
Ranged Weapons | 5 6 7 8 9 10 | 10.1
Shields        | 1 2 3 4 5 6 10 14 15 | 15.0
Maces & Flails | 4 8 10 12 | 12.0
Fighting       | 5 7 11 14 16 17 18 19 20 | 20.0
Armour         | 4 7 9 10 12 | 12.4
Dodging        | 3 6 7 8 9 12 13 14 | 14.9
Translocations | 4 6 |  6.7
Poison Magic   | 6 10 | 10.0
Spellcasting   | 1 4 7 11 14 | 14.0
Air Magic      | 3 5 |  5.0
Axes           | 2 8 10 13 16 | 16.7
Fire Magic     | 6 |  6.0
Earth Magic    | 8 14 | 14.2
Necromancy     | 4 6 |  6.0
Conjurations   | 4 8 11 16 | 16.0
Evocations     | 10 12 | 12.0
Summonings     | 9 15 16 | 16.5
Throwing       | 15 | 15.2
Stealth        | |  1.1

Action                   |  1- 3 |  4- 6 |  7- 9 | 10-12 | 13-15 | 16-18 | 19-21 | 22-24 | 25-27 || total
-------------------------+-------+-------+-------+-------+-------+-------+-------+-------+-------++-------
Melee: Unarmed           |       |     6 |       |       |       |       |       |       |       ||     6
       Flail             |       |       |    16 |       |       |       |       |       |       ||    16
       Demon whip        |       |       |   222 |   821 |  1551 |  1224 |    96 |       |       ||  3914
       Headbutt          |       |       |       |    81 |   484 |   498 |   389 |   437 |   706 ||  2595
       Broad axe         |       |       |       |       |       |   353 |  1060 |  1300 |  1897 ||  4610
 Fire: Shortbow          |    89 |   132 |       |       |       |       |       |       |       ||   221
       Sling             |       |   118 |   253 |   149 |    99 |    50 |     1 |    43 |       ||   713
Throw: Dart              |       |       |     4 |     7 |   163 |    17 |       |       |       ||   191
       Throwing net      |       |       |       |       |     3 |     2 |       |       |       ||     5
       Boomerang         |       |       |       |       |       |    39 |    12 |    21 |     1 ||    73
 Cast: Olgreb's Toxic Ra |       |       |       |       |     3 |     2 |    72 |    21 |    17 ||   115
       Blink             |       |       |       |       |     1 |     2 |     1 |       |     1 ||     5
       Mephitic Cloud    |       |       |       |       |     1 |     5 |    31 |     6 |     6 ||    49
       Ignite Poison     |       |       |       |       |       |     1 |    66 |    28 |    18 ||   113
       Poisonous Vapours |       |       |       |       |       |       |    17 |    20 |     3 ||    40
       Vhi's Electric Ch |       |       |       |       |       |       |     1 |     1 |       ||     2
       Lee's Rapid Decon |       |       |       |       |       |       |       |     9 |       ||     9
       Borgnjor's Vile C |       |       |       |       |       |       |       |    13 |    19 ||    32
       Spellforged Servi |       |       |       |       |       |       |       |       |    19 ||    19
Evoke: Wand              |     3 |       |    11 |     9 |     3 |    22 |     5 |    12 |     5 ||    70
       Condenser vane    |       |       |       |     1 |     1 |     3 |     1 |     4 |     8 ||    18
       Tin of tremorston |       |       |       |       |       |       |       |     4 |     5 ||     9
       Box of beasts     |       |       |       |       |       |       |       |       |     2 ||     2
       Phantom mirror    |       |       |       |       |       |       |       |       |     1 ||     1
  Use: Scroll            |     8 |       |     7 |     8 |    19 |    15 |     4 |    17 |    24 ||   102
       Potion            |       |     1 |     4 |     4 |     1 |    16 |     1 |     9 |    20 ||    56
 Stab: Paralysed         |       |       |    24 |     5 |     3 |     1 |     2 |       |       ||    35
       Confused          |       |       |     1 |     5 |    12 |    14 |    18 |     5 |    11 ||    66
       Invisible         |       |       |     1 |       |    29 |       |    10 |       |       ||    40
       Distracted        |       |       |       |     5 |     4 |     1 |     1 |     8 |    12 ||    31
       Sleeping          |       |       |       |     4 |    14 |     8 |    10 |     1 |     2 ||    39
       Held in net/web   |       |       |       |       |       |     1 |       |       |       ||     1
       Petrifying        |       |       |       |       |       |     1 |       |       |       ||     1
Armor: Leather armour    |    14 |    58 |    54 |    87 |       |       |       |   184 |   492 ||   889
       Skin              |       |    13 |       |     2 |       |       |       |    31 |       ||    46
       Troll leather arm |       |       |       |    19 |   322 |   613 |   461 |   123 |       ||  1538
Dodge: Dodged            |    24 |    95 |    86 |   175 |   526 |   781 |   513 |   558 |   908 ||  3666
Block: Buckler           |       |    47 |   191 |   356 |   790 |   194 |       |       |       ||  1578
       Reflection        |       |       |     4 |       |    12 |   106 |    44 |    38 |    63 ||   267
       Kite shield       |       |       |       |       |       |   906 |   808 |  1004 |  1732 ||  4450

Table legend: (Time is in decaauts)
 A = Elapsed time spent in this place.
 B = Non-inter-level travel time spent in this place.
 C = Inter-level travel time spent in this place.
 D = Time resting spent in this place.
 E = Time spent auto-exploring this place.
 F = Levels seen in this place.
 G = Mean time per level.
                   A        B        C        D        E       F      G
               +--------+--------+--------+--------+--------+-----+--------+
         Total |  61573 |  55426 |   6147 |   5645 |  32310 |  54 | 1140.2 |
       Dungeon |  14982 |  12794 |   2188 |    765 |   8813 |  15 |  998.8 |
          Lair |   6669 |   5893 |    776 |    725 |   3584 |   5 | 1333.8 |
         Swamp |   3245 |   3047 |    198 |    358 |   1385 |   4 |  811.2 |
     Snake Pit |   5116 |   4734 |    382 |    315 |   2262 |   4 | 1279.0 |
  Orcish Mines |   1056 |    897 |    159 |     29 |    474 |   2 |  528.0 |
   Elven Halls |   3902 |   3688 |    214 |    470 |   1978 |   3 | 1300.7 |
        Vaults |   9681 |   8464 |   1217 |    874 |   5227 |   5 | 1936.2 |
         Crypt |   5488 |   5163 |    325 |    928 |   2774 |   3 | 1829.3 |
        Depths |   3001 |   2772 |    229 |     21 |   1691 |   4 |  750.2 |
           Zot |   6398 |   5943 |    455 |    764 |   3469 |   5 | 1279.6 |
         Sewer |    680 |    680 |      0 |     70 |    423 |   1 |  680.0 |
        Bailey |    693 |    693 |      0 |    324 |      3 |   1 |  693.0 |
        Wizlab |      2 |      2 |      0 |      0 |      0 |   1 |    2.0 |
    Desolation |    653 |    653 |      0 |      0 |    224 |   1 |  653.0 |
               +--------+--------+--------+--------+--------+-----+--------+

Top non-repeatable levels by time:
Vaults:3: 2443 daAuts
  Lair:1: 2142 daAuts
Vaults:1: 2106 daAuts
Vaults:2: 2058 daAuts
 Crypt:2: 2051 daAuts
 Crypt:3: 1827 daAuts
   Zot:4: 1723 daAuts
 Crypt:1: 1609 daAuts
Vaults:5: 1601 daAuts
  Lair:2: 1517 daAuts
Vaults:4: 1472 daAuts
 Snake:3: 1442 daAuts
   Zot:2: 1416 daAuts
   Elf:3: 1413 daAuts
 Snake:2: 1382 daAuts
